 Dungeon Crawl Stone Soup version 0.22-a0-617-g6d95e9e (webtiles) character file.

1737087 Ijustatesigmund the Bringer of Light (level 27, -2/199 HPs)
             Began as a Gargoyle Fighter on June 29, 2018.
             Was the Champion of the Shining One.
             Killed by divine providence
             ... invoked by a mummy priest
              (12 damage)
             ... on level 15 of a ziggurat on July 12, 2018.
             The game lasted 10:12:33 (105316 turns).

Ijustatesigmund the Bringer of Light (GrFi)       Turns: 105316, Time: 10:12:35

Health: -2/199     AC: 80    Str: 24    XL:     27
Magic:  31/36      EV: 23    Int: 18    God:    the Shining One [******]
Gold:   14004      SH: 52    Dex: 19    Spells: 6/62 levels left

rFire    + + +     SeeInvis .   L - +9 sacred scourge (holy)
rCold    + . .     Gourm    .   c - +8 large shield {rN+}
rNeg     + + +     Faith    .   N - +14 gold dragon scales of Truth {+Fly rPois rF+ rC+ MR+ rCorr Int-3}
rPois    ∞         Spirit   .   i - +0 helmet of Buzify {Regen+ MP-9 Int+8 Slay+3}
rElec    +         Reflect  .   H - +0 cloak of the Accordion {rPois Regen+ Int-3}
rCorr    +         Harm     .   a - +0 pair of fencer's gloves {+Riposte Dex+3}
MR       +++..     Clarity  +   b - +2 pair of boots {run}
Stlth    ..........             U - amulet of Pawoysefri {Regen+ Slay+6}
HPRegen  1.63/turn              m - ring of Doubts {rF+ AC+6 Slay+2}
MPRegen  0.25/turn              W - +5 ring of slaying

@: brilliant, divine shield, slightly contaminated, hasted, glowing, studying 2
skills, very quick
A: big wings, slimy green scales 1, clarity, fire resistance 1, negative energy
resistance 1, sense surroundings 1, electricity resistance, unbreathing,
petrification resistance, rot immunity, AC +20
}: 15/15 runes: barnacled, slimy, silver, golden, iron, obsidian, icy, bone,
abyssal, demonic, glowing, magical, fiery, dark, gossamer
a: Fly, Divine Shield, Cleansing Flame, Summon Divine Warrior, Renounce
Religion, Evoke Flight


You were on level 15 of a ziggurat.
You worshipped the Shining One.
The Shining One was exalted by your worship.
You were very hungry.

You visited 18 branches of the dungeon, and saw 90 of its levels.
You visited Pandemonium 1 time, and saw 31 of its levels.
You visited the Abyss 5 times.
You visited 4 ziggurats (completing 2), and saw 87 of their levels.
You also visited: Labyrinth, Ice Cave, Volcano and Wizlab.

You collected 18151 gold pieces.
You spent 4147 gold pieces at shops.

Inventory:

Hand Weapons
 L - a +9 sacred scourge of holy wrath (weapon)
Missiles
 S - 60 silver javelins
 T - 18 javelins of penetration (quivered)
Armour
 a - the +0 pair of fencer's gloves (worn) {+Riposte Dex+3}
   (You found it on level 3 of the Elven Halls)

   It affects your dexterity (+3).
 b - a +2 pair of boots of running (worn)
 c - a +8 large shield of positive energy (worn)
 i - the +0 helmet of Buzify (worn) {Regen+ MP-9 Int+8 Slay+3}
   (You found it on level 3 of the Tomb of the Ancients)

   It affects your intelligence (+8).
   It affects your accuracy and damage with ranged weapons and melee attacks
   (+3).
   It affects your magic capacity (-9).
   It increases your rate of regeneration.
 H - the +0 cloak of the Accordion (worn) {rPois Regen+ Int-3}
   (You acquired it on level 25 of a ziggurat)

   It affects your intelligence (-3).
   It protects you from poison.
   It increases your rate of regeneration.
 N - the +14 gold dragon scales of Truth (worn) {+Fly rPois rF+ rC+ MR+ rCorr Int-3}
   (You acquired it on level 1 of the Lair of Beasts)

   It affects your intelligence (-3).
   It protects you from fire.
   It protects you from cold.
   It protects you from poison.
   It affects your resistance to hostile enchantments.
   It lets you fly.
   It provides partial protection from all sources of acid and corrosion.
Jewellery
 j - the ring of Circhysew {Wiz rC++ Str+3 Dex+4}
   (You found it on level 20 of a ziggurat)

   [ring of wizardry]

   It improves your spell success rate.
   It affects your strength (+3).
   It affects your dexterity (+4).
   It greatly protects you from cold.
 m - the ring of Doubts (left hand) {rF+ AC+6 Slay+2}
   (You found it on level 4 of a ziggurat)

   [ring of protection]

   It affects your AC (+6).
   It affects your accuracy and damage with ranged weapons and melee attacks
   (+2).
   It protects you from fire.
 x - the ring of Temptation {+Fly rF++}
   (You found it on level 9 of a ziggurat)

   [ring of flight]

   It greatly protects you from fire.
   It lets you fly.
 C - the ring of the Ancients {+Fly rF+ MR+ Dex-2}
   (You found it on level 14 of a ziggurat)

   [ring of protection from fire]

   It affects your dexterity (-2).
   It protects you from fire.
   It affects your resistance to hostile enchantments.
   It lets you fly.
 F - a ring of the Octopus King {Wiz AC+1 EV+1 Str+1 Int+1 Dex+1}
   (You found it on level 19 of a ziggurat)

   [ring of wizardry]

   It improves your spell success rate.
   It affects your AC (+1).
   It affects your evasion (+1).
   It affects your strength (+1).
   It affects your intelligence (+1).
   It affects your dexterity (+1).
 K - the ring "Aciyr" {rCorr Int+7 Dex+2}
   (You found it on level 7 of Tartarus)

   [ring of resist corrosion]

   It affects your intelligence (+7).
   It affects your dexterity (+2).
 M - the ring "Goreon" {rElec rC+ Int+6}
   (You found it on level 5 of the Vaults)

   [ring of protection from cold]

   It affects your intelligence (+6).
   It protects you from cold.
   It insulates you from electricity.
 P - a ring of the Octopus King {rF+ AC+1 EV+1 Str+1 Int+1 Dex+1}
   (You bought it in a shop on level 2 of the Elven Halls)

   [ring of protection from fire]

   It affects your AC (+1).
   It affects your evasion (+1).
   It affects your strength (+1).
   It affects your intelligence (+1).
   It affects your dexterity (+1).
   It protects you from fire.
 U - the amulet of Pawoysefri (around neck) {Regen+ Slay+6}
   (You found it on level 10 of a ziggurat)

   [amulet of regeneration]

   It affects your accuracy and damage with ranged weapons and melee attacks
   (+6).
   It increases your rate of regeneration.
 W - a +5 ring of slaying (right hand)
 Y - the ring of Phasing {EV+8}
   (You found it on level 5 of a ziggurat)

   [ring of evasion]

   It affects your evasion (+8).
Wands
 r - a wand of digging (92)
 v - a wand of disintegration (13)
 w - a wand of acid (38)
 E - a wand of iceblast (65)
 G - a wand of scattershot (7)
 Q - a wand of polymorph (38)
Scrolls
 e - 6 scrolls of enchant armour
 g - 17 scrolls of blinking
 h - 38 scrolls of fog
 l - 12 scrolls of magic mapping
 o - 74 scrolls of teleportation
 s - 10 scrolls of silence
 t - 99 scrolls of remove curse
 u - 8 scrolls of identify
 y - 15 scrolls of fear
 z - 2 scrolls of enchant weapon
 A - 13 scrolls of holy word
Potions
 d - 5 potions of might
 k - 5 potions of berserk rage
 n - 10 potions of heal wounds
 p - 3 potions of agility
 q - 3 potions of magic
 B - 16 potions of curing
 D - 7 potions of brilliance
 R - 27 potions of mutation
 V - 4 potions of cancellation
 X - a potion of haste
Books
 J - a manual of Slings
 O - a manual of Throwing
Miscellaneous
 I - 28 phantom mirrors
Comestibles
 f - 79 rations


   Skills:
 O Level 27 Fighting
 O Level 27 Maces & Flails
   Level 15.9 Crossbows
 - Level 22.7 Throwing
 O Level 27 Armour
 O Level 27 Dodging
 - Level 9.2 Stealth
 O Level 27 Shields
 + Level 18.2 Spellcasting
 - Level 20.0 Conjurations
 - Level 15.5 Hexes
 - Level 11.3 Charms
 - Level 25.4 Summonings
 - Level 16.4 Translocations
   Level 10.9 Transmutations
 * Level 18.6 Fire Magic
 - Level 11.3 Air Magic
 - Level 25.2 Earth Magic
 O Level 27 Invocations
 - Level 14.6 Evocations


You had 6 spell levels left.
You knew the following spells:

 Your Spells              Type           Power        Failure   Level  Hunger
a - Apportation           Tloc           ######       1%          1    None
b - Blink                 Tloc           N/A          1%          2    None
c - Portal Projectile     Hex/Tloc       ######       1%          3    None
d - Swiftness             Chrm/Air       ######..     1%          2    None
e - Summon Butterflies    Summ           #######.     0%          1    None
f - Song of Slaying       Chrm           ######..     1%          2    None
g - Lesser Beckoning      Tloc           ######....   1%          3    None
h - Spellforged Servitor  Conj/Summ      #######...   1%          7    ######.
i - Lehudib's Crystal Sp  Conj/Erth      #######...   1%          8    #######
j - Inner Flame           Hex/Fire       ######..     1%          3    None
k - Summon Hydra          Summ           #######...   1%          7    ######.
l - Ignition              Fire           #######...   10%         8    #######
m - Fire Storm            Conj/Fire      #######...   61%         9    #######

Your spell library contained the following spells:

 Spells                   Type           Power        Failure   Level  Hunger
 Cause Fear               Hex            ######....   1%          4    None
 Magic Dart               Conj           ####         0%          1    None
 Fireball                 Conj/Fire      #######...   1%          5    ###....
 Conjure Flame            Conj/Fire      #######.     1%          3    None
 Bolt of Fire             Conj/Fire      #######...   1%          6    #####..
 Bolt of Cold             Conj/Ice       ######....   8%          6    #####..
 Lightning Bolt           Conj/Air       ######....   1%          5    ###....
 Bolt of Magma            Conj/Fire/Erth #######...   1%          5    ###....
 Slow                     Hex            ######..     1%          2    None
 Confuse                  Hex            ######..     1%          3    None
 Invisibility             Hex            ######..     1%          6    #####..
 Throw Flame              Conj/Fire      ######       0%          2    None
 Throw Frost              Conj/Ice       ######       1%          2    None
 Controlled Blink         Tloc           N/A          21%         8    #######
 Freezing Cloud           Conj/Ice/Air   ######....   6%          6    #####..
 Mephitic Cloud           Conj/Pois/Air  ######..     1%          3    None
 Ring of Flames           Chrm/Fire      ######....   5%          7    ######.
 Venom Bolt               Conj/Pois      ######....   1%          5    ###....
 Olgreb's Toxic Radiance  Pois           ####....     26%         4    None
 Teleport Other           Tloc           ######..     1%          3    None
 Death's Door             Chrm/Necr      #####.....   100%        8    #######
 Summon Small Mammal      Summ           ####         0%          1    None
 Bolt of Draining         Conj/Necr      ######....   1%          5    ###....
 Iskenderun's Mystic Bla  Conj           #######.     1%          4    None
 Summon Horrible Things   Summ           #######...   1%          8    #######
 Animate Dead             Necr           N/A          26%         4    None
 Pain                     Necr           ####         3%          1    None
 Animate Skeleton         Necr           N/A          3%          1    None
 Vampiric Draining        Necr           ####......   9%          3    None
 Haunt                    Necr/Summ      ######....   13%         7    ######.
 Borgnjor's Revivificati  Necr           ####......   100%        8    #######
 Freeze                   Ice            ####         3%          1    None
 Ozocubu's Refrigeration  Ice            ####......   95%         6    #####..
 Sticky Flame             Conj/Fire      #######.     1%          4    None
 Summon Ice Beast         Ice/Summ       ######..     1%          4    None
 Ozocubu's Armour         Chrm/Ice       #####...     1%          3    None
 Call Imp                 Summ           #######.     0%          2    None
 Dispel Undead            Necr           ####....     52%         5    ###....
 Poison Arrow             Conj/Pois      ######....   8%          6    #####..
 Regeneration             Chrm/Necr      #####.....   1%          3    None
 Sting                    Conj/Pois      ####         1%          1    None
 Sublimation of Blood     Necr           ####......   4%          2    None
 Tukima's Dance           Hex            ######..     1%          3    None
 Summon Demon             Summ           #######...   0%          5    ###....
 Summon Greater Demon     Summ           #######...   1%          7    ######.
 Corpse Rot               Necr           N/A          4%          2    None
 Iron Shot                Conj/Erth      #######...   1%          6    #####..
 Stone Arrow              Conj/Erth      ######       0%          3    None
 Shock                    Conj/Air       ####         1%          1    None
 Recall                   Summ/Tloc      N/A          0%          3    None
 Agony                    Necr           ####....     52%         5    ###....
 Spider Form              Tmut/Pois      #####.....   1%          3    None
 Blade Hands              Tmut           ######....   1%          5    ###....
 Statue Form              Tmut/Erth      #######..    1%          6    #####..
 Ice Form                 Ice/Tmut       #####...     3%          4    None
 Dragon Form              Tmut           ######....   24%         7    ######.
 Necromutation            Tmut/Necr      #####.....   100%        8    #######
 Death Channel            Necr           ####......   95%         6    #####..
 Deflect Missiles         Chrm/Air       ######....   4%          6    #####..
 Throw Icicle             Conj/Ice       ######..     1%          4    None
 Glaciate                 Conj/Ice       ######....   100%        9    #######
 Airstrike                Air            ######....   1%          4    None
 Shadow Creatures         Summ           N/A          1%          6    #####..
 Confusing Touch          Hex            ######       1%          1    None
 Flame Tongue             Conj/Fire      #####        0%          1    None
 Passwall                 Tmut/Erth      #######.     0%          2    None
 Ignite Poison            Fire/Tmut/Pois ######..     1%          3    None
 Call Canine Familiar     Summ           #######.     0%          3    None
 Ensorcelled Hibernation  Hex/Ice        ######       1%          2    None
 Metabolic Englaciation   Hex/Ice        ######....   3%          5    ###....
 Silence                  Hex/Air        ######....   1%          5    ###....
 Shatter                  Erth           #######...   10%         9    #######
 Dispersal                Tloc           ######....   1%          6    #####..
 Static Discharge         Conj/Air       ######..     1%          3    None
 Corona                   Hex            ######.      1%          1    None
 Alistair's Intoxication  Tmut/Pois      #####...     9%          5    ###....
 Lee's Rapid Deconstruct  Erth           #######...   0%          5    ###....
 Sandblast                Erth           ######       0%          1    None
 Simulacrum               Ice/Necr       ####......   95%         6    #####..
 Conjure Ball Lightning   Conj/Air       ######....   1%          6    #####..
 Chain Lightning          Conj/Air       ######....   26%         8    #######
 Excruciating Wounds      Chrm/Necr      #####.....   8%          5    ###....
 Monstrous Menagerie      Summ           #######...   1%          7    ######.
 Petrify                  Tmut/Erth      #######.     1%          4    None
 Passage of Golubria      Tloc           N/A          1%          4    None
 Orb of Destruction       Conj           #######...   1%          7    ######.
 Malign Gateway           Summ/Tloc      #######...   1%          7    ######.
 Tornado                  Air            ######....   100%        9    #######
 Leda's Liquefaction      Hex/Erth       #######...   1%          4    None
 Darkness                 Hex            ######....   1%          6    #####..
 Shroud of Golubria       Chrm/Tloc      ######....   1%          2    None
 Aura of Abjuration       Summ           #######...   0%          5    ###....
 Beastly Appendage        Tmut           ######       1%          1    None
 Disjunction              Tloc           ######....   21%         8    #######
 Iskenderun's Battlesphe  Conj/Chrm      ######..     1%          5    ###....
 Fulminant Prism          Conj/Hex       ######....   1%          4    None
 Dazzling Spray           Conj/Hex       ######       1%          3    None
 Force Lance              Conj/Tloc      #######.     1%          4    None
 Infusion                 Chrm           ####         1%          1    None
 Spectral Weapon          Hex/Chrm       ######..     1%          3    None
 Searing Ray              Conj           ######       0%          2    None
 Discord                  Hex            ######....   28%         8    #######
 Summon Forest            Summ/Tloc      #######...   1%          5    ###....
 Summon Lightning Spire   Summ/Air       #######.     1%          4    None
 Summon Guardian Golem    Hex/Summ       #######.     0%          3    None
 Dragon's Call            Summ           #######...   9%          9    #######
 Summon Mana Viper        Hex/Summ       #######.     1%          5    ###....
 Hydra Form               Tmut           ######....   5%          6    #####..
 Irradiate                Conj/Tmut      ######....   1%          5    ###....
 Gell's Gravitas          Tloc           ######....   1%          3    None
 Yara's Violent Unravell  Hex/Tmut       ######....   1%          5    ###....
 Infestation              Necr           ####......   100%        8    #######
 Poisonous Vapours        Pois/Air       #####.       1%          2    None
 Borgnjor's Vile Clutch   Necr/Erth      ######....   1%          5    ###....


Dungeon Overview and Level Annotations

Branches:
Dungeon (15/15)            Temple (1/1) D:7            Lair (6/6) D:10
 Shoals (4/4) Lair:2       Spider (4/4) Lair:3        Slime (5/5) Lair:5
    Orc (2/2) D:11            Elf (3/3) Orc:2        Vaults (5/5) D:14
  Crypt (3/3) Vaults:2       Tomb (3/3) Crypt:3      Depths (5/5) D:15
   Hell (1/1)                 Dis (7/7) Hell            Geh (7/7) Hell
    Coc (7/7) Hell            Tar (7/7) Hell            Zot (5/5) Depths:5

Altars:
Ashenzari
Cheibriados
Dithmenos
Elyvilon
Fedhas
Gozag
Hepliaklqana
Kikubaaqudgha
Makhleb
Nemelex Xobeh
Okawaru
Qazlal
Ru
Sif Muna
Trog
Uskayaw
Vehumet
Wu Jian
Xom
Yredelemnul
Zin
The Shining One
Beogh
Jiyva

Shops:
D:5 [   D:8 [   D:11 [   D:12 !(:(=   Orc:1 }[%?   Orc:2 [:?[%!   Elf:2 =}=
Elf:3 !   Shoals:1 !   Shoals:3 %   Vaults:1 (   Vaults:2 *   Vaults:3 }
Vaults:4 !   Vaults:5 =

Portals:
Hell: Depths:1 Depths:2 Depths:3 Depths:4 Depths:5
Abyss: Depths:4 Depths:5
Pandemonium: Depths:3 Depths:5
Trove: D:13 (give 7 potions of haste)

Annotations:
D:8 Maurice


Innate Abilities, Weirdness & Mutations

You are resistant to torment.
Your stone body is resilient. (AC +20)
You are immune to poison.
Your large and strong wings let you fly indefinitely.
You resist negative energy. (rN+)
You are resistant to electric shocks. (rElec)
You can survive without breathing.
You are immune to petrification.
You are immune to rotting.
You are partially covered in slimy green scales. (AC +2)
You possess an exceptional clarity of mind.
Your flesh is heat resistant. (rF+)
You passively map a small area around you.


Message History

You destroy the guardian mummy!
The Shining One accepts your kill.
You feel extremely nervous for a moment...
You smell decay.
The golden flame engulfs the mummy.
The mummy writhes in agony!
You destroy the mummy!
The Shining One accepts your kill.
You feel better.
You feel somewhat more hungry.
The ushabti shakes and rattles deafeningly!
The greater mummy points at you and mumbles some strange words.
Something smites you!
* * * LOW HITPOINT WARNING * * *
The greater mummy calls on the powers of darkness!
Your body is wracked with pain!
* * * LOW HITPOINT WARNING * * *
The bennu convulses!
The greater mummy gestures wildly while chanting.
The mummy priest calls down the wrath of its god upon you.
Something smites you!
You die... , ▓▓ ...▓▓▓▓▓▓▓▓▓ .. ,, ,....ZVM8.M▓ .. ##.MMZM8sZM▓

.. ....#...ZMsMMMM▓
............MMMMM8MMM▓
.............Z..M[$MM▓
...........Z4V8MM8"MZ▓
............M.3§@Z:)M▓
.............MM38MWMM▓
....#.....#.b.Z...!MM▓
...##.....##.§..MMMZM▓
................M.MM.▓
▓▓...........▓▓▓▓▓▓▓▓▓
▓...........▓
▓...........▓
▓...........▓


You could see 10 greater mummies, a bennu, 4 mummy priests, a soul eater, a
flayed ghost, a hellwing, 8 guardian mummies, 6 ushabtiu, a spectral sphinx, a
spectral titan, a smoke demon, 2 vampires, 2 death scarabs, 19 mummies, a storm
dragon zombie, a golden dragon zombie, a deep elf demonologist zombie, a
spriggan defender zombie, a tengu reaver zombie, a spriggan defender skeleton
and 2 titan skeletons.

Vanquished Creatures
  Cerebov (Pan)
  Antaeus (Coc:7)
  Dissolution (Slime:3)
  the Royal Jelly (Slime:5)
  Asmodeus (Geh:7)
  Ereshkigal (Tar:7)
  Gloorx Vloq (Pan)
  Lom Lobon (Pan)
  Mnoleg (Pan)
  Tiamat (Zot:2)
  the Serpent of Hell (Dis:7)
  Khufu (Tomb:3)
  Dispater (Dis:7)
  5 orbs of fire (Zot:5)
  Mennas (Crypt:1)
  23 ancient liches
  19 juggernauts
  Boris (twice) (Depths:3 Crypt:2)
  49 greater mummies
  Margery (Crypt:2)
  21 shard shrikes
  2 curse toes
  27 Killer Klowns
  Geryon (Hell)
  24 caustic shrikes
  38 golden dragons
  Nikola (Depths:3)
  the Enchantress (Depths:4)
  Arachne (Spider:4)
  7 profane servitors
  Jory (Vaults:4)
  21 bone dragons
  35 liches
  17 iron giants
  29 Tzitzimimeh
  42 Brimstone Fiends
  Jorgrun (Crypt:3)
  2 electric golems
  21 tentacled monstrosities
  15 Hell Sentinels
  11 doom hounds
  41 Ice Fiends
  9 hellephants
  39 pandemonium lords
  20 Orb Guardians (Zot:5)
  16 deep elf blademasters
  18 titans
  14 deep elf master archers
  An acid blob (shapeshifter) (Zig:17)
  8 quicksilver dragons
  The ghost of Ino Riwk the Entrepreneur, an adept GnIE of Gozag (Elf:3)
  61 acid blobs
  7 eldritch tentacles
  20 sphinxes
  A sphinx (shapeshifter) (Zig:6)
  3 quicksilver dragons (shapeshifter)
  35 Executioners
  9 death cobs
  5 krakens
  8 thorn hunters
  40 ancient champions
  13 tentacled starspawn
  29 shadow dragons
  Donald (Vaults:1)
  11 tengu reavers
  16 revenants
  26 azure jellies
  18 storm dragons
  A daeva (Abyss:2)
  22 draconian monks
  2 azure jellies (shapeshifter) (Zig:14)
  12 fire giants
  8 nagarajas
  49 balrugs
  The ghost of Jogeor the Fighter, an adept DsCK of Xom (Spider:2)
  6 deep elf sorcerers
  3 frost giants (shapeshifter)
  15 curse skulls
  17 draconian knights
  20 orc warlords
  The ghost of Mamutox the Basher, a journeyman TrCK of Xom (Elf:1)
  A spectral juggernaut (Zig:13)
  20 draconian scorchers
  15 emperor scorpions
  13 iron dragons
  31 ghost moths
  11 caustic shrike zombies
  20 ghouls
  21 vault wardens
  26 cacodemons
  10 draconian shifters
  8 frost giants
  40 very ugly things
  16 warmongers
  11 black suns
  2 juggernaut zombies
  6 spriggan defenders
  15 draconian annihilators
  A juggernaut skeleton (Zig:21)
  9 ironheart preservers
  3 stone giants (shapeshifter) (Zig:14)
  3 elemental wellsprings (Coc:7)
  The ghost of inc the Thaumaturge, a journeyman OpFE of Gozag (Lair:1)
  27 draconian stormcallers
  32 war gargoyles
  98 reapers
  49 stone giants
  12 blood saints
  28 entropy weavers
  16 corrupters
  21 vampire knights
  The ghost of TheNamelessOne the Fighter, a journeyman OgMo of Ashenzari (Lair:1)
  4 caustic shrike skeletons
  16 green draconians
  10 lorocyprocas
  A spectral titan (Zig:13)
  26 deep elf demonologists
  19 bennus
  The ghost of Veczif the Destroyer, a journeyman GrWz of Vehumet (Orc:1)
  32 black draconians
  The ghost of inmateoo the Carver, a journeyman FoFi of Gozag (D:13)
  Azrael (Spider:3)
  12 white draconians
  12 spark wasps
  21 deep elf annihilators
  27 red draconians
  A minotaur (Lab)
  27 yellow draconians
  19 purple draconians
  A spark wasp (shapeshifter) (Vaults:5)
  A dire elephant (shapeshifter) (Zig:6)
  21 dire elephants
  39 green deaths
  15 deep elf death magi
  2 crystal guardians (Zig:18)
  11 eidola
  9 death oozes
  21 ettins
  43 blizzard demons
  24 jiangshi
  17 fire dragons
  54 mummy priests
  19 merfolk impalers
  6 naga warriors
  14 merfolk javelineers
  8 quicksilver dragon zombies
  The ghost of Zgarb the Summoner, a journeyman VSSu of Sif Muna (Lair:5)
  Fannar (Lair:1)
  13 deep elf high priests
  27 great orbs of eyes
  55 hydras
  22 rakshasas
  30 yaktaur captains
  35 ice dragons
  21 ogre magi
  9 quicksilver dragon skeletons
  Erolcha (Orc:2)
  27 vault guards
  9 hell beasts
  5 kraken zombies
  8 catoblepae
  An anaconda (shapeshifter) (Vaults:5)
  7 ghost crabs
  A merfolk avatar (Zig:15)
  8 spriggan air magi
  15 monstrous demonspawn
  2 catoblepae (shapeshifter)
  11 death knights
  7 anacondas
  59 two-headed ogres
  23 centaur warriors
  An alligator snapping turtle (shapeshifter) (Zig:14)
  18 merfolk aquamancers
  62 dancing weapons
  A death yak (shapeshifter) (Zig:23)
  4 satyrs
  A satyr (shapeshifter) (Depths:2)
  8 alligators
  A spectral fire giant (Zig:13)
  8 deep troll earth magi
  4 deep troll shamans
  21 vampire magi
  4 shock serpents
  6 tengu warriors
  28 death scarabs
  14 titan zombies
  20 orc high priests
  13 thrashing horrors
  48 hell hogs
  9 spriggan berserkers
  6 death yaks
  6 naga sharpshooters
  57 soul eaters
  11 iron golems
  61 sun demons
  28 shadow wraiths
  29 deep elf knights
  12 storm dragon zombies
  73 hell knights
  54 large abominations
  12 wretched stars
  11 titan skeletons
  23 sixfirhies
  19 small abominations
  13 storm dragon skeletons
  An iron troll (shapeshifter) (Zig:6)
  12 golden dragon zombies
  32 shadow demons
  A quicksilver dragon simulacrum (Coc:6)
  8 spriggan druids
  3 salamander mystics
  161 skeletal warriors
  5 torturous demonspawn (Pan)
  3 ghost moth zombies
  10 iron trolls
  An unseen horror (shapeshifter) (Zig:15)
  8 unseen horrors
  11 gelid demonspawn (Pan)
  2 sea snakes (shapeshifter)
  16 deep trolls
  3 wizards
  11 infernal demonspawn
  3 spark wasp zombies
  27 swamp dragons
  27 death drakes
  14 glowing orange brains
  24 flayed ghosts
  4 spatial maelstroms
  2 deep trolls (shapeshifter)
  26 harpies
  20 shambling mangroves
  23 sea snakes
  A naga ritualist (Zig:9)
  24 ironbrand convokers
  A swamp dragon (shapeshifter) (Depths:2)
  An obsidian statue (Depths:5)
  23 necromancers
  20 anaconda zombies
  A kraken simulacrum (Shoals:4)
  10 anaconda skeletons
  20 orc knights
  A lindwurm (Zig:4)
  2 orange crystal statues
  30 deep elf archers
  13 shadow dragon zombies
  7 sphinx zombies
  13 golden dragon skeletons
  2 mana vipers
  8 iron dragon zombies
  2 wolf spiders (shapeshifter)
  30 phantasmal warriors
  A spectral hydra (Crypt:3)
  5 wolf spider zombies
  13 frost giant zombies
  A statue (Abyss:4)
  52 orb spiders
  13 fauns
  16 manticores
  2 oklob plants (Zig:14)
  2 worldbinders
  4 sphinx skeletons
  2 fauns (shapeshifter)
  6 salamanders
  3 moths of wrath (shapeshifter)
  24 shining eyes
  18 orc sorcerers
  A manticore (shapeshifter) (Zig:23)
  7 shadow dragon skeletons
  3 shining eyes (shapeshifter)
  42 wolf spiders
  A cyclops (shapeshifter) (Zig:25)
  7 cyclopes
  4 spriggan zombies
  15 stone giant zombies
  112 deep elf magi
  75 ugly things
  14 iron dragon skeletons
  18 elephants
  25 fire giant zombies
  15 fire giant skeletons
  A shock serpent zombie (Geh:5)
  Joseph (D:8)
  3 ice statues
  2 guardian serpents (Zig:2)
  43 moths of wrath
  47 rust devils
  10 molten gargoyles
  8 frost giant skeletons
  29 vault sentinels
  13 stone giant skeletons
  29 black mambas
  7 eyes of devastation
  12 naga magi
  56 smoke demons
  12 merfolk sirens
  5 dire elephant zombies
  36 orange demons
  12 apocalypse crabs
  8 water nymphs
  2 shock serpent skeletons
  40 spiny frogs
  16 torpor snails
  A storm dragon simulacrum (Coc:2)
  8 dire elephant skeletons
  8 emperor scorpion zombies
  97 freezing wraiths
  8 anaconda simulacra
  9 gargoyles
  A rime drake (shapeshifter) (Zig:23)
  9 rime drakes
  4 catoblepas skeletons
  16 efreet
  2 catoblepas zombies
  6 ancient zymes
  3 kobold demonologists
  60 tormentors
  4 golden dragon simulacra
  68 hellions
  8 komodo dragons
  8 tengu conjurers
  107 guardian mummies
  67 ice devils
  2 komodo dragons (shapeshifter)
  A ghost moth simulacrum (Coc:1)
  11 trolls
  30 hellwings
  66 yaktaurs
  36 demonic crawlers
  19 elf skeletons
  A minotaur skeleton (Tomb:2)
  6 silent spectres (Zig:26)
  3 harpy zombies
  3 meliai (D:14)
  5 polar bears
  3 harpy skeletons
  73 jumping spiders
  33 hydra zombies
  3 queen bees (shapeshifter)
  52 red devils
  2 trolls (shapeshifter)
  2 meliai (shapeshifter)
  8 wind drakes
  50 merfolk
  A polar bear (shapeshifter) (Zig:7)
  9 tyrant leeches
  14 blink frogs
  A shadow dragon simulacrum (Zig:21)
  10 snapping turtles
  A dream sheep (shapeshifter) (Zig:17)
  52 hornets
  129 slime creatures
  19 hippogriffs
  16 alligator zombies
  9 bog bodies
  26 raiju
  2 fire giant simulacra
  A frost giant simulacrum (Coc:7)
  14 elf zombies
  11 fire dragon zombies
  11 dream sheep
  13 hydra skeletons
  49 starcursed masses
  3 hippogriffs (shapeshifter)
  11 ettin zombies
  260 flying skulls
  A black mamba zombie (Coc:3)
  A blink frog (shapeshifter) (Depths:3)
  7 ice dragon zombies
  2 redbacks (shapeshifter)
  8 ettin skeletons
  4 ice dragon skeletons
  49 water elementals
  109 redbacks
  12 spriggans
  69 wraiths
  3 dire elephant simulacra
  49 tarantellas
  2 tarantellas (shapeshifter)
  31 ushabtiu
  2 wyverns (D:13)
  3 spriggans (shapeshifter)
  8 air elementals
  11 fire dragon skeletons
  53 shadows
  36 yaks
  Sigmund (D:2)
  65 fire elementals
  2 humans (shapeshifter)
  13 alligator skeletons
  38 ynoxinuls
  A black mamba skeleton (Coc:4)
  An emperor scorpion simulacrum (Coc:2)
  3 vampires (Vaults:2)
  10 basilisks
  A basilisk (shapeshifter) (Depths:2)
  A fire bat (shapeshifter) (Zig:15)
  2 golden eyes (shapeshifter)
  6 fire bats (Volcano)
  6 steam dragons
  13 golden eyes
  29 chaos spawn
  24 neqoxecs
  7 vampire mosquitoes
  2 harpy simulacra (IceCv)
  3 iron troll simulacra (IceCv)
  11 hungry ghosts
  4 insubstantial wisps
  A death yak simulacrum (IceCv)
  12 spatial vortices
  33 water moccasins
  A merfolk zombie (Hell)
  8 acid dragons
  10 wargs
  4 hydra simulacra
  2 soldier ants (shapeshifter)
  A torturous demonspawn skeleton (Crypt:1)
  2 floating eyes (Zig:22)
  3 nagas
  8 porcupines
  16 spiny frog zombies
  52 orc warriors
  Duvessa (D:4)
  A black bear (shapeshifter) (Zig:23)
  103 hell hounds
  10 spiny frog skeletons
  10 swamp drakes
  An ice beast (shapeshifter) (Zig:17)
  6 snapping turtle zombies
  34 necrophages
  16 ice beasts
  2 manticore zombies
  4 swamp dragon zombies
  2 sky beasts
  2 ettin simulacra (IceCv)
  4 alligator simulacra
  A boggart (shapeshifter) (Zig:25)
  16 eyes of draining
  14 boggarts
  51 ogres
  13 phantoms
  10 wolves
  A hog zombie (Crypt:2)
  An orc skeleton (Vaults:2)
  10 snapping turtle skeletons
  An elephant skeleton (Crypt:1)
  42 crocodiles
  35 centaurs
  5 swamp dragon skeletons
  6 big kobolds
  5 manticore skeletons
  A bullfrog (shapeshifter) (Vaults:4)
  18 bullfrogs
  A wyvern zombie (D:9)
  Dowan (D:4)
  2 spiny frog simulacra
  16 earth elementals
  A draconian skeleton (Crypt:1)
  5 scorpions
  A warg zombie (Crypt:1)
  6 killer bees (D:10)
  94 wights
  2 human simulacra
  3 howler monkeys
  A troll skeleton (Coc:5)
  6 electric eels
  5 spriggan skeletons
  4 centaur zombies
  A wolf skeleton (Crypt:2)
  6 lava snakes (Volcano)
  26 crimson imps
  3 draconian simulacra (IceCv)
  3 quasits
  3 bullfrog skeletons
  7 hounds
  16 orc priests
  4 human zombies
  4 jellies
  19 orc wizards
  3 centaur skeletons
  A human skeleton (Tar:7)
  32 iron imps
  Natasha (thrice) (D:3)
  3 iguanas
  A porcupine zombie (Crypt:2)
  3 spriggan simulacra (IceCv)
  A troll simulacrum (IceCv)
  12 worker ants
  A lightning spire (Zig:13)
  3 hell rats (Hell)
  A polar bear simulacrum (IceCv)
  An ogre zombie (Dis:3)
  A naga zombie (Coc:4)
  2 ogre skeletons
  A naga skeleton (Geh:5)
  6 tengu skeletons
  7 tengu zombies
  A hound skeleton (D:4)
  148 mummies
  A howler monkey zombie (D:10)
  10 gnolls
  4 adders
  3 naga simulacra (IceCv)
  3 ogre simulacra (IceCv)
  20 shadow imps
  44 white imps
  10 ufetubi
  An adder zombie (D:5)
  An adder skeleton (D:4)
  3 worms
  2 ball lightnings (Pan)
  3 dart slugs
  8 leopard geckos
  66 orcs
  6 giant cockroaches
  12 goblins
  4 hobgoblins
  11 jackals
  8 quokkas
  A ball python skeleton (Crypt:2)
  12 bats
  2 frilled lizards (D:2)
  A hobgoblin zombie (Crypt:1)
  2 jackal skeletons
  25 kobolds
  2 orc zombies
  2 quokka skeletons
  8 rats
  3 blocks of ice (Pan)
  A briar patch (Zig:2)
  3 crawling corpses
  5 fire vortices
  2 fungi (Depths:1)
  8 plants
  16 starspawn tentacles
  22 tentacles
8457 creatures vanquished.

Vanquished Creatures (collateral kills)
  A pandemonium lord (Zig:14)
  A shard shrike (Coc:7)
  2 Killer Klowns
  A Tzitzimitl (Tar:7)
  A doom hound (Tar:7)
  3 Brimstone Fiends
  An electric golem (Zot:5)
  A lich (Zig:27)
  5 Orb Guardians (Zot:5)
  An Ice Fiend (Coc:7)
  A Hell Sentinel (Zig:21)
  An acid blob (Zig:9)
  An eldritch tentacle (Pan)
  A storm dragon (Zot:5)
  A nagaraja (Zig:9)
  A deep elf elementalist (Zig:5)
  A cacodemon (Pan)
  2 balrugs
  A war gargoyle (Dis:7)
  2 elemental wellsprings (Coc:7)
  5 reapers
  2 corrupters
  2 vampire knights
  A black draconian (Zot:5)
  3 bennus
  A lorocyproca (Zig:12)
  A dire elephant (Zig:23)
  A green death (Zig:12)
  A great orb of eyes (Slime:5)
  A hydra (Zig:23)
  An ice dragon (Coc:7)
  2 anacondas (Zig:9)
  An alligator (Zig:25)
  3 death scarabs
  3 dancing weapons
  A shock serpent (Zig:9)
  A vampire mage (Zig:27)
  A naga sharpshooter (Zig:9)
  3 sun demons (Pan)
  A storm dragon zombie (Zig:20)
  A hell knight (Dis:7)
  5 skeletal warriors
  A flayed ghost (Zig:27)
  A necromancer (Dis:7)
  A swamp dragon (Zig:25)
  A deep elf archer (Zig:5)
  2 tengu zombies
  A deep elf mage (Zig:5)
  A sphinx skeleton (Zig:8)
  2 black mambas
  2 rust devils
  A frost giant skeleton (Zig:11)
  A naga mage (Zig:9)
  A guardian serpent (Zig:9)
  A large abomination (Zig:14)
  An orange demon (Pan)
  A freezing wraith (Coc:7)
  A hellion (Zig:12)
  5 guardian mummies
  4 tormentors
  2 red devils (Pan)
  An ice devil (Coc:7)
  2 spriggan skeletons (Zig:8)
  A tyrant leech (Zig:25)
  2 hornets (Zig:25)
  A bog body (Zig:25)
  A fire dragon zombie (Dis:7)
  4 slime creatures (Zig:9)
  An alligator zombie (Coc:7)
  2 flying skulls
  An ushabti (Zig:11)
  A naga (Zig:9)
  A necrophage (Tar:7)
  A mummy (Zig:11)
  A white imp (Coc:7)
120 creatures vanquished.

Vanquished Creatures (others)
  An ancient lich (Zig:25)
  A Tzitzimitl (Zig:21)
  A deep elf master archer (Zig:24)
  An ancient champion (Tomb:2)
  An eldritch tentacle (Dis:4)
  A revenant (Tomb:2)
  3 cacodemons
  An emperor scorpion (Spider:4)
  An elemental wellspring (Coc:6)
  A blood saint (Zig:12)
  A bennu (Tomb:2)
  A deep elf death mage (Zig:13)
  3 green deaths
  A blizzard demon (Zig:21)
  2 ogre magi
  3 hydras (Zig:13)
  A deep elf high priest (Zig:24)
  A rakshasa (Pan)
  2 death knights (Zig:13)
  26 death scarabs
  2 hell hogs
  A deep elf knight (Zig:12)
  2 sixfirhies
  A skeletal warrior (Tar:7)
  A sea snake (Zig:12)
  2 glowing orange brains (Pan)
  A wizard (Pan)
  A necromancer (Dis:7)
  An orb spider (Zig:17)
  2 deep elf magi
  An apocalypse crab (Zig:14)
  A water nymph (Zig:15)
  A smoke demon (Zig:22)
  An efreet (Pan)
  A yaktaur (Vaults:4)
  A tengu conjurer (D:15)
  2 hornets
  A slime creature (Zig:13)
  2 flying skulls (Tomb:3)
  A redback (Spider:1)
  A spriggan (Zig:9)
  A shadow (Geh:2)
  A ynoxinul (Pan)
  A wraith (Geh:4)
  An elf zombie (Zig:20)
  A fire elemental (Geh:2)
  2 neqoxecs
  A chaos spawn (Zig:6)
  An insubstantial wisp (Zig:13)
  2 acid dragons (Zig:18)
  A water moccasin (Zig:24)
  An orc warrior (Orc:1)
  A swamp drake (Zig:16)
  A necrophage (Geh:2)
  An ogre (Depths:1)
  A spriggan zombie (Geh:5)
  3 wights
  2 iron imps (Zig:20)
  A hell rat (Hell)
  An orc wizard (D:5)
  3 mummies
  A white imp (Depths:5)
  14 ball lightnings (Pan)
  A kobold skeleton (Geh:2)
  2 blocks of ice (Pan)
  8 briar patches
  A crawling corpse (Elf:3)
  3 demonic plants (Pan)
  A fire vortex (Geh:3)
  16 fungi
  A lurking horror (Abyss:3)
  113 plants
  18 starspawn tentacles
  67 tentacles
353 creatures vanquished.

Grand Total: 8930 creatures vanquished

Notes
Turn   | Place    | Note
-------+----------+-------------------------------------------
     0 | D:1      | Ijustatesigmund the Gargoyle Fighter began the quest for the Orb.
     0 | D:1      | Reached XP level 1. HP: 14/14 MP: 1/1
     7 | D:1      | Noticed an anaconda
     7 | D:1      | Noticed a lindwurm
     7 | D:1      | Noticed a hound
   245 | D:1      | Reached XP level 2. HP: 19/19 MP: 2/2
   475 | D:1      | Reached XP level 3. HP: 24/24 MP: 3/3
   945 | D:2      | Reached XP level 4. HP: 29/29 MP: 4/4
  1122 | D:2      | Noticed Sigmund
  1130 | D:2      | Killed Sigmund
  1130 | D:2      | Reached skill level 5 in Maces & Flails
  1130 | D:2      | Reached XP level 5. HP: 32/34 MP: 5/5
  1371 | D:2      | Found a blossoming altar of Fedhas.
  1423 | D:3      | Noticed Natasha
  1440 | D:3      | Reached XP level 6. HP: 40/40 MP: 6/6
  1451 | D:3      | Killed Natasha
  1551 | D:3      | Reached skill level 5 in Fighting
  1616 | D:3      | Noticed Natasha
  1622 | D:3      | Killed Natasha
  1825 | D:3      | Noticed Natasha
  1835 | D:3      | Killed Natasha
  2467 | D:4      | Reached XP level 7. HP: 39/44 MP: 7/7
  2508 | D:4      | Noticed Duvessa
  2508 | D:4      | Noticed Dowan
  2524 | D:4      | Killed Duvessa
  2991 | D:4      | Killed Dowan
  3239 | D:4      | Reached skill level 5 in Armour
  3313 | D:5      | Entered Level 5 of the Dungeon
  3315 | D:5      | Found a stormy altar of Qazlal.
  3575 | D:5      | Reached XP level 8. HP: 52/52 MP: 8/8
  3591 | D:5      | Found Atwy's Armour Boutique.
  4814 | D:6      | Found a bloodstained altar of Trog.
  4815 | D:6      | Found an iron altar of Okawaru.
  4927 | D:6      | Found a radiant altar of Vehumet.
  4965 | D:6      | Found an ornate altar of the Wu Jian Council.
  4979 | D:6      | Found a hide-covered altar of Uskayaw.
  4982 | D:6      | Found a shimmering altar of Xom.
  5361 | D:7      | Reached XP level 9. HP: 58/58 MP: 9/9
  5396 | D:7      | Gained mutation: You are agile. (Dex +2) [potion of mutation]
  5396 | D:7      | Gained mutation: You have sharp toenails. [potion of mutation]
  5427 | D:7      | Found a shadowy altar of Dithmenos.
  5602 | D:7      | Found a white marble altar of Elyvilon.
  5602 | D:7      | Found a glowing golden altar of the Shining One.
  5749 | D:7      | Reached skill level 1 in Throwing
  5832 | D:7      | Found a staircase to the Ecumenical Temple.
  5843 | Temple   | Entered the Ecumenical Temple
  6155 | D:7      | Became a worshipper of the Shining One
  6454 | D:8      | Found Zetsu's Armour Emporium.
  6489 | D:8      | Noticed Joseph
  6508 | D:8      | Killed Joseph
  6830 | D:8      | Noticed a two-headed ogre
  6840 | D:8      | Killed a two-headed ogre
  6840 | D:8      | Reached XP level 10. HP: 34/65 MP: 11/13
  7114 | D:8      | Noticed Maurice
  7117 | D:8      | Paralysed by Maurice for 5 turns
  7133 | D:8      | Paralysed by something for 6 turns
  7267 | D:9      | Reached skill level 5 in Invocations
  7309 | D:9      | Found a basalt altar of Yredelemnul.
  8053 | D:10     | Entered Level 10 of the Dungeon
  8131 | D:10     | Reached * piety under the Shining One
  8204 | D:10     | Noticed an unseen horror
  8206 | D:10     | Killed an unseen horror
  8206 | D:10     | Reached skill level 10 in Fighting
  8366 | D:10     | Got a smoking mace
  8367 | D:10     | Identified the +8 mace of Kyhim {venom, rF+ Str+3} (You found it on level 10 of the Dungeon)
  8469 | D:10     | Found a staircase to the Lair.
  8605 | D:10     | Reached XP level 11. HP: 73/73 MP: 16/16
  8635 | D:11     | Reached ** piety under the Shining One
  8642 | D:11     | Reached skill level 10 in Maces & Flails
  9016 | D:11     | Found Nupsor's Armour Shoppe.
  9020 | D:11     | Bought a +0 pair of boots for 58 gold pieces
  9039 | D:11     | Noticed a wizard
  9046 | D:11     | Killed a wizard
  9109 | D:11     | Found a staircase to the Orcish Mines.
  9142 | D:11     | Noticed a cyan ugly thing
  9143 | D:11     | Noticed a green ugly thing
  9157 | D:11     | Killed a green ugly thing
  9166 | D:11     | Killed a green ugly thing
  9166 | D:11     | Reached skill level 5 in Shields
  9334 | D:12     | Found Kuometz's Book Shop.
  9334 | D:12     | Found Podal's Antique Weapon Boutique.
  9336 | D:12     | Found Heaskani's Distillery.
  9370 | D:12     | Bought a potion of haste for 120 gold pieces
  9370 | D:12     | Bought a potion of lignification for 36 gold pieces
  9370 | D:12     | Bought a potion of might for 48 gold pieces
  9370 | D:12     | Bought a potion of agility for 48 gold pieces
  9431 | D:12     | Noticed a deep elf mage
  9454 | D:12     | Killed a deep elf mage
  9466 | D:12     | Found Meick's Jewellery Shop.
  9519 | D:12     | Found Teqeseah's Weapon Shop.
  9545 | D:12     | Reached *** piety under the Shining One
  9729 | D:13     | Noticed an unseen horror
  9735 | D:13     | Killed an unseen horror
  9896 | D:13     | Noticed a centaur warrior
  9902 | D:13     | Noticed a centaur warrior
  9908 | D:13     | Killed a centaur warrior
  9914 | D:13     | Killed a centaur warrior
 10004 | D:13     | Noticed a deep elf mage
 10012 | D:13     | Noticed a centaur warrior
 10016 | D:13     | Killed a deep elf mage
 10016 | D:13     | Reached XP level 12. HP: 80/80 MP: 13/18
 10026 | D:13     | Killed a centaur warrior
 10301 | D:13     | Noticed a centaur warrior
 10303 | D:13     | Found a runed gate.
 10303 | D:13     | Noticed an 11-headed hydra
 10304 | D:13     | Found a runed gate.
 10304 | D:13     | Noticed inmateoo's ghost (journeyman FoFi)
 10305 | D:13     | Found a runed gate.
 10309 | D:13     | Killed a centaur warrior
 10506 | D:13     | Found a portal to a secret trove of treasure.
 10820 | D:13     | Killed an 11-headed hydra
 10833 | D:13     | Killed inmateoo's ghost
 10950 | Lair:1   | Entered Level 1 of the Lair of Beasts
 10950 | Lair:1   | Found a runed gate.
 10950 | Lair:1   | Found a runed gate.
 10950 | Lair:1   | Found a runed gate.
 10963 | Lair:1   | Reached skill level 10 in Invocations
 11091 | Lair:1   | Noticed an eight-headed hydra
 11122 | Lair:1   | Killed an eight-headed hydra
 11246 | Lair:1   | Noticed Fannar
 11281 | Lair:1   | Killed Fannar
 11294 | Lair:1   | Identified a scroll of acquirement
 11297 | Lair:1   | Got bronze gold dragon scales
 11414 | D:10     | Identified the +14 gold dragon scales of Truth {+Fly rPois rF+ rC+ MR+ rCorr Int-3} (You acquired it on level 1 of the Lair of Beasts)
 11422 | Lair:1   | Noticed TheNamelessOne's ghost (journeyman OgMo)
 11423 | Lair:1   | Noticed inc's ghost (journeyman OpFE)
 11462 | Lair:1   | Killed inc's ghost
 11485 | Lair:1   | Killed TheNamelessOne's ghost
 11485 | Lair:1   | Reached XP level 13. HP: 75/87 MP: 15/20
 11494 | Lair:1   | Got a flickering amber ring
 11496 | Lair:1   | Identified the ring of Cadiudol {Str+3 Dex+3 Stlth-} (You found it on level 1 of the Lair of Beasts)
 12122 | Lair:2   | Reached **** piety under the Shining One
 12167 | Lair:2   | Found a staircase to the Shoals.
 13002 | Lair:2   | Reached skill level 10 in Armour
 13002 | Lair:2   | Reached skill level 1 in Dodging
 13203 | Lair:3   | Found a hole to the Spider Nest.
 14792 | Lair:5   | Gained mutation: Your large and strong wings let you fly indefinitely. [Gargoyle growth]
 14792 | Lair:5   | Reached XP level 14. HP: 82/92 MP: 19/23
 14919 | Lair:5   | Found a runed door.
 14922 | Lair:5   | Noticed Zgarb's ghost (journeyman VSSu)
 15145 | Lair:5   | Killed Zgarb's ghost
 15297 | Lair:5   | Found a viscous altar of Jiyva.
 15297 | Lair:5   | Found a staircase to the Slime Pits.
 15602 | Lair:6   | Entered Level 6 of the Lair of Beasts
 15620 | Lair:6   | Found a labyrinth entrance.
 15656 | Lab      | Entered a labyrinth
 15771 | Lab      | Got a faintly glowing flail
 15772 | Lab      | Identified the +0 flail of Watchfulness {speed, rN+ MR+ Int+4 SInv} (You found it in a labyrinth)
 15973 | Lair:6   | Upgraded the game from 0.22-a0-567-gff9aefc to 0.22-a0-608-g8a62e23
 16971 | Lair:6   | Noticed a dire elephant
 16971 | Lair:6   | Noticed a dire elephant
 17000 | Lair:6   | Killed a dire elephant
 17013 | Lair:6   | Killed a dire elephant
 17024 | Lair:6   | Identified the +5 dire flail "Nuveriq" {holy, rN++ Int-5} (You found it on level 6 of the Lair of Beasts)
 17047 | Lair:6   | Noticed a dire elephant
 17068 | Lair:6   | Killed a dire elephant
 17120 | Lair:6   | Noticed a dire elephant
 17142 | Lair:6   | Killed a dire elephant
 17310 | Orc:1    | Entered Level 1 of the Orcish Mines
 17333 | Orc:1    | Found a dark tunnel.
 17347 | Volcano  | Entered a volcano
 17478 | Volcano  | Reached XP level 15. HP: 99/99 MP: 25/25
 17489 | Volcano  | Found a burning altar of Makhleb.
 17560 | Volcano  | Reached XP level 16. HP: 105/105 MP: 26/26
 17614 | Volcano  | Found a bloodstained altar of Trog.
 17752 | Orc:1    | Found a runed door.
 17752 | Orc:1    | Found a shimmering altar of Xom.
 17752 | Orc:1    | Noticed Veczif's ghost (journeyman GrWz)
 17793 | Orc:1    | Found Ihesob's Magic Scroll Boutique.
 17863 | Orc:1    | Killed Veczif's ghost
 17872 | Orc:1    | Identified the +9 hand crossbow of Irrepressible Laughter {velocity, rF++ Int+4 Dex-5} (You found it on level 1 of the Orcish Mines)
 17897 | Orc:1    | Found Xecel's Food Shop.
 17900 | Orc:1    | Found Jyotyf's Gadget Shop.
 17904 | Orc:1    | Found Miuhag's Magic Scroll Boutique.
 17914 | Orc:1    | Found Ucsi's Armour Shop.
 18345 | Orc:2    | Entered Level 2 of the Orcish Mines
 18345 | Orc:2    | Found Visuthraff's Antique Armour Boutique.
 18380 | Orc:2    | Found a staircase to the Elven Halls.
 18665 | Orc:2    | Found Hiwisefe's Food Emporium.
 18665 | Orc:2    | Found Neosecwu's Magic Scroll Boutique.
 18666 | Orc:2    | Found Hetzueps's Armour Boutique.
 18666 | Orc:2    | Found Hugimesch's Book Shoppe.
 18676 | Orc:2    | Bought a scroll of holy word for 112 gold pieces
 18676 | Orc:2    | Bought a scroll of teleportation for 45 gold pieces
 18685 | Orc:2    | Found Ipruissot's Distillery.
 18692 | Orc:2    | Bought a potion of heal wounds for 65 gold pieces
 18738 | Orc:2    | Noticed Erolcha
 18748 | Orc:2    | Found a roughly hewn altar of Beogh.
 18755 | Orc:2    | Killed Erolcha
 19034 | Orc:1    | Bought 3 scrolls of blinking for 270 gold pieces
 19034 | Orc:1    | Bought a scroll of fog for 24 gold pieces
 19034 | Orc:1    | Bought a scroll of identify for 24 gold pieces
 19034 | Orc:1    | Bought a scroll of teleportation for 36 gold pieces
 19034 | Orc:1    | Bought a scroll of blinking for 90 gold pieces
 19176 | D:14     | Found a gate to the Vaults.
 19276 | D:14     | Reached skill level 15 in Armour
 19415 | D:14     | Reached skill level 15 in Invocations
 20129 | D:15     | Entered Level 15 of the Dungeon
 20391 | D:15     | Found a staircase to the Depths.
 20399 | D:15     | Reached XP level 17. HP: 112/112 MP: 26/28
 20441 | D:15     | Reached ***** piety under the Shining One
 21345 | Shoals:1 | Entered Level 1 of the Shoals
 21507 | Shoals:1 | Found Wimovai's Distillery.
 21589 | Shoals:1 | Bought a potion of mutation for 160 gold pieces
 21589 | Shoals:1 | Bought a potion of haste for 200 gold pieces
 21624 | Shoals:1 | Reached skill level 5 in Throwing
 22140 | Shoals:2 | Reached skill level 5 in Dodging
 22526 | Shoals:2 | Noticed a kraken
 22549 | Shoals:2 | Killed a kraken
 22558 | Shoals:2 | Noticed a kraken
 22589 | Shoals:2 | Killed a kraken
 22596 | Shoals:2 | Noticed a kraken
 22596 | Shoals:2 | Noticed a kraken
 22861 | Shoals:2 | Killed a kraken
 22876 | Shoals:2 | Killed a kraken
 23485 | Shoals:3 | Found Deal's Food Boutique.
 24180 | Shoals:4 | Entered Level 4 of the Shoals
 24382 | Shoals:4 | Reached XP level 18. HP: 118/118 MP: 27/29
 24651 | Shoals:4 | Reached skill level 15 in Fighting
 24875 | Shoals:4 | Got a barnacled rune of Zot
 25814 | Spider:1 | Entered Level 1 of the Spider Nest
 26510 | Spider:2 | Got an ivory eveningstar
 26511 | Spider:2 | Identified the +2 eveningstar "Ilet" {freeze, rPois MR+} (You acquired it on level 2 of the Spider Nest)
 26677 | Spider:2 | Found a runed gate.
 26677 | Spider:2 | Found a runed gate.
 26677 | Spider:2 | Found a runed gate.
 26677 | Spider:2 | Noticed Jogeor's ghost (adept DsCK)
 26819 | Spider:2 | Killed Jogeor's ghost
 27703 | Spider:3 | Reached XP level 19. HP: 125/125 MP: 31/31
 28243 | Spider:3 | Noticed Azrael
 28252 | Spider:3 | Killed Azrael
 28280 | Spider:3 | Reached ****** piety under the Shining One
 28322 | Spider:4 | Entered Level 4 of the Spider Nest
 28515 | Spider:4 | Noticed Arachne
 28535 | Spider:4 | Killed Arachne
 29059 | Spider:4 | Got a gossamer rune of Zot
 29128 | Spider:4 | Reached skill level 10 in Dodging
 29818 | Vaults:1 | Entered Level 1 of the Vaults
 30000 | Vaults:1 | Reached skill level 15 in Maces & Flails
 30356 | Vaults:1 | Reached XP level 20. HP: 134/134 MP: 32/32
 30627 | Vaults:1 | Found Ijedopot's Weapon Shop.
 30651 | Vaults:1 | Reached skill level 1 in Crossbows
 30954 | Vaults:1 | Noticed Donald
 30971 | Vaults:1 | Killed Donald
 30980 | Vaults:1 | Reached skill level 5 in Crossbows
 31162 | Vaults:2 | Found a staircase to the Crypt.
 31756 | Vaults:2 | Found Xaty's General Store.
 31762 | Vaults:2 | Bought a scroll of magic mapping for 38 gold pieces
 31762 | Vaults:2 | Bought a scroll of fear for 38 gold pieces
 31762 | Vaults:2 | Bought a scroll of identify for 22 gold pieces
 32623 | Vaults:2 | Reached skill level 10 in Crossbows
 33634 | Vaults:3 | Found Xoch's Gadget Emporium.
 33638 | Vaults:3 | Reached XP level 21. HP: 136/139 MP: 31/33
 34348 | Vaults:4 | Found Ekhluc's Distillery.
 34356 | Vaults:4 | Bought a potion of berserk rage for 55 gold pieces
 34356 | Vaults:4 | Bought a potion of agility for 44 gold pieces
 34356 | Vaults:4 | Bought a potion of haste for 110 gold pieces
 34356 | Vaults:4 | Bought a potion of heal wounds for 55 gold pieces
 34356 | Vaults:4 | Bought a potion of curing for 33 gold pieces
 34356 | Vaults:4 | Bought 2 potions of berserk rage for 110 gold pieces
 34356 | Vaults:4 | Bought a potion of might for 44 gold pieces
 34497 | Vaults:4 | Noticed Jory
 34511 | Vaults:4 | Killed Jory
 35254 | Vaults:5 | Entered Level 5 of the Vaults
 35269 | Vaults:5 | Reached skill level 15 in Crossbows
 35586 | Elf:1    | Entered Level 1 of the Elven Halls
 35604 | Elf:1    | Reached XP level 22. HP: 134/145 MP: 25/34
 35637 | Elf:1    | Found a runed gate.
 35637 | Elf:1    | Found a runed gate.
 35638 | Elf:1    | Found a runed gate.
 35640 | Elf:1    | Noticed Mamutox's ghost (journeyman TrCK)
 35665 | Elf:1    | Killed Mamutox's ghost
 35940 | Elf:1    | Identified the +0 cloak of the Swan {rF- rN+ rCorr} (You acquired it on level 1 of the Elven Halls)
 36347 | Elf:2    | Found a frozen archway.
 36387 | IceCv    | Entered an ice cave
 37903 | Elf:2    | Found a runed gate.
 37905 | Elf:2    | Found a runed gate.
 37905 | Elf:2    | Found a runed gate.
 37999 | Elf:2    | Found Begoif's Jewellery Shop.
 38054 | Elf:2    | Found Fucwouhoigg's Jewellery Shop.
 38054 | Elf:2    | Found Zeduthrett's Gadget Emporium.
 38060 | Elf:2    | Bought a +6 ring of evasion for 1404 gold pieces
 38075 | Elf:2    | Bought a ring of the Octopus King {rF+ AC+1 EV+1 Str+1 Int+1 Dex+1} for 793 gold pieces
 38075 | Elf:2    | Found the ring of the Octopus King {rF+ AC+1 EV+1 Str+1 Int+1 Dex+1}
 38581 | Elf:3    | Entered Level 3 of the Elven Halls
 38685 | Elf:3    | Found Cygiutwi's Distillery.
 38703 | Elf:3    | Bought a potion of heal wounds for 65 gold pieces
 38908 | Elf:3    | Gained mutation: Your spells are a little easier to cast, but a little less powerful. [a neqoxec]
 38936 | Elf:3    | Found a runed door.
 38936 | Elf:3    | Noticed Ino Riwk's ghost (adept GnIE)
 38959 | Elf:3    | Killed Ino Riwk's ghost
 39361 | Elf:3    | Reached skill level 10 in Shields
 39572 | Elf:3    | Reached XP level 23. HP: 126/152 MP: 30/36
 39605 | Elf:3    | Got a vibrating granite ring
 39625 | Elf:3    | Found the +0 pair of fencer's gloves {+Riposte Dex+3}
 39650 | Elf:3    | Identified the ring of the Voivode {*Corrode rF+ Str+10 Dex+2} (You took it off a deep elf death mage on level 3 of the Elven Halls)
 39790 | Elf:3    | Got an ancient platinum ring
 39803 | Elf:3    | Identified the ring "Mor Exetz" {rCorr *Corrode rC+ MR+++ Int+4} (You took it off a deep elf annihilator on level 3 of the Elven Halls)
 39807 | Elf:3    | Identified the Disquisition on Feathery Orientation
 39815 | Elf:3    | Identified the Reference Book on Displacement and Shape Shifting
 39822 | Elf:3    | Identified the Catalogue of Hexes and Poisoning
 39835 | Elf:3    | Learned a level 1 spell: Apportation
 40268 | Vaults:5 | Reached skill level 1 in Translocations
 40403 | Vaults:5 | Reached skill level 5 in Translocations
 40436 | Vaults:4 | Cast into level 2 of the Abyss (a deep elf demonologist)
 40606 | Abyss:2  | Gained mutation: Your magical capacity is low. (-10% MP) [a cacodemon]
 40618 | Abyss:2  | Gained mutation: Scrolls take you a little longer to read. [a cacodemon]
 40703 | Vaults:4 | Escaped the Abyss
 40953 | Vaults:5 | Noticed a golden dragon
 40964 | Vaults:5 | Killed a golden dragon
 41004 | Vaults:5 | Learned a level 2 spell: Blink
 41020 | Vaults:5 | Identified the ring "Goreon" {rElec rC+ Int+6} (You found it on level 5 of the Vaults)
 41246 | Vaults:5 | Reached skill level 10 in Translocations
 41607 | Vaults:5 | Noticed an ancient lich
 41630 | Vaults:5 | Killed an ancient lich
 41630 | Vaults:5 | Reached XP level 24. HP: 157/157 MP: 32/32
 41656 | Vaults:5 | Found Mihakax's Jewellery Shoppe.
 42157 | Vaults:5 | Got a silver rune of Zot
 42517 | Depths:1 | Entered Level 1 of the Depths
 43019 | Depths:1 | Found a gateway to Hell.
 43546 | Depths:2 | Paralysed by a sphinx for 4 turns
 43681 | Depths:2 | Reached XP level 25. HP: 98/164 MP: 13/33
 43712 | Depths:2 | Found a gateway to a ziggurat.
 43745 | Depths:2 | Found a magical portal.
 43754 | WizLab   | Entered Cigotuvi's Fleshworks
 44878 | Depths:3 | Noticed Boris
 44897 | Depths:3 | Killed Boris
 45306 | Depths:3 | Found a one-way gate leading to the halls of Pandemonium.
 45388 | Depths:3 | Noticed Nikola
 45427 | Depths:3 | Killed Nikola
 45939 | Depths:4 | Found a one-way gate to the infinite horrors of the Abyss.
 46224 | Depths:4 | Noticed the Enchantress
 46225 | Depths:4 | Noticed a juggernaut
 46231 | Depths:4 | Reached XP level 26. HP: 133/174 MP: 23/33
 46238 | Depths:4 | Killed a juggernaut
 46247 | Depths:4 | Killed the Enchantress
 46798 | Depths:4 | Noticed a juggernaut
 46812 | Depths:4 | Killed a juggernaut
 47781 | Depths:5 | Entered Level 5 of the Depths
 48121 | Depths:5 | Reached XP level 27. HP: 116/183 MP: 26/34
 48128 | Depths:5 | Upgraded the game from 0.22-a0-608-g8a62e23 to 0.22-a0-609-gfedc9ff
 48161 | Depths:5 | Identified a +9 eveningstar of holy wrath (a +9 eveningstar of freezing blessed by the Shining One)
 48161 | Depths:5 | Received a gift from the Shining One
 48555 | Depths:5 | Found a gate to the Realm of Zot.
 49052 | Crypt:1  | Entered Level 1 of the Crypt
 49297 | Crypt:1  | Noticed Mennas
 49375 | Crypt:1  | Killed Mennas
 49837 | Crypt:2  | Noticed Boris
 49848 | Crypt:2  | Killed Boris
 49861 | Crypt:2  | Noticed Margery
 49882 | Crypt:2  | Killed Margery
 50271 | Crypt:2  | Identified the cursed +0 hand crossbow of Honour {elec, -Tele rPois rN+ Dex+2} (You found it on level 2 of the Crypt)
 50353 | Crypt:3  | Entered Level 3 of the Crypt
 50452 | Crypt:3  | Found a basalt altar of Yredelemnul.
 50677 | Crypt:3  | Noticed Jorgrun
 50691 | Crypt:3  | Killed Jorgrun
 50705 | Crypt:3  | Found a staircase to the Tomb.
 50745 | Crypt:3  | Got a glittering zirconium amulet
 50746 | Crypt:3  | Identified the Incunabulum of Dark Rites
 51411 | Tomb:1   | Entered Level 1 of the Tomb of the Ancients
 51598 | Tomb:1   | Identified the amulet of Rygoq {Spirit rC+ Int-3 SInv} (You found it on level 3 of the Crypt)
 51846 | Tomb:1   | Noticed a greater mummy
 51863 | Tomb:1   | Killed a greater mummy
 52532 | Hell     | Entered the Vestibule of Hell
 52532 | Hell     | Noticed Geryon
 52575 | Hell     | Killed Geryon
 52700 | Hell     | Found a gateway to the freezing wastes of Cocytus.
 52825 | Hell     | Found a gateway to the decaying netherworld of Tartarus.
 52971 | Hell     | Found a gateway to the ashen valley of Gehenna.
 53057 | Hell     | Found a gateway to the Iron City of Dis.
 53148 | Tar:1    | Entered Level 1 of Tartarus
 53185 | Coc:1    | Entered Level 1 of Cocytus
 53387 | Coc:1    | Found a burning altar of Makhleb.
 54099 | Coc:2    | Reached skill level 1 in Spellcasting
 54837 | Coc:3    | Reached skill level 5 in Spellcasting
 55221 | Coc:3    | Learned a level 3 spell: Portal Projectile
 55224 | Coc:3    | Learned a level 2 spell: Swiftness
 55275 | Coc:3    | Reached skill level 1 in Hexes
 55275 | Coc:3    | Reached skill level 1 in Charms
 55370 | Coc:3    | Reached skill level 1 in Air Magic
 56650 | Coc:5    | Reached skill level 5 in Hexes
 56669 | Coc:5    | Reached skill level 5 in Charms
 56913 | Coc:5    | Reached skill level 5 in Air Magic
 57962 | Coc:6    | Lost mutation: You are agile. (Dex +2) [mutagenic glow]
 58666 | Coc:7    | Entered Level 7 of Cocytus
 58935 | Coc:7    | Noticed Antaeus
 58965 | Coc:7    | Killed Antaeus
 58985 | Coc:7    | Got an icy rune of Zot
 59641 | Geh:1    | Entered Level 1 of Gehenna
 59711 | Geh:1    | Reached skill level 10 in Hexes
 59893 | Geh:1    | Reached skill level 10 in Charms
 61001 | Geh:2    | Gained mutation: You are dopey. (Int -2) [mutagenic glow]
 61030 | Geh:2    | Gained mutation: You occasionally shout uncontrollably at your foes. [mutagenic glow]
 61265 | Geh:3    | Reached skill level 10 in Air Magic
 61712 | Geh:4    | Noticed an ancient lich
 61729 | Geh:4    | Killed an ancient lich
 61821 | Geh:4    | Reached skill level 1 in Stealth
 62148 | Geh:4    | Reached skill level 5 in Stealth
 63052 | Geh:5    | Reached skill level 15 in Shields
 63910 | Geh:7    | Entered Level 7 of Gehenna
 64535 | Geh:7    | Identified the +10 great sword of the Beast {slice, +Fly Str+4} (You took it off a balrug on level 7 of Gehenna)
 65152 | Geh:7    | Noticed Asmodeus
 65169 | Geh:7    | Killed Asmodeus
 65186 | Geh:7    | Got an obsidian rune of Zot
 65474 | Zig:1    | Entered Level 1 of a ziggurat
 65494 | Zig:2    | Entered Level 2 of a ziggurat
 65525 | Zig:2    | Identified the +8 hand crossbow "Xatweg" {venom, rElec rN+ Int+2 Stlth+} (You found it on level 2 of a ziggurat)
 65564 | Zig:3    | Entered Level 3 of a ziggurat
 65601 | Zig:4    | Entered Level 4 of a ziggurat
 65653 | Zig:5    | Entered Level 5 of a ziggurat
 65687 | Zig:5    | Identified the cursed +3 morningstar "Roesoru" {vamp, Int+4} (You found it on level 5 of a ziggurat)
 65691 | Zig:5    | Got a warped gossamer ring
 65694 | Zig:5    | Identified the ring "Pidwatt" {rF+ rN+ Int+4} (You found it on level 5 of a ziggurat)
 65738 | Zig:6    | Entered Level 6 of a ziggurat
 65743 | Zig:6    | Noticed Loabeek the pandemonium lord
 65794 | Zig:6    | Killed Loabeek the pandemonium lord
 65863 | Zig:7    | Entered Level 7 of a ziggurat
 65872 | Zig:7    | Noticed a greater mummy
 65886 | Zig:7    | Killed a greater mummy
 65924 | Zig:7    | Identified the +9 hand crossbow "Qeatroaz" {venom, *Slow Str+3 Int+4} (You found it on level 7 of a ziggurat)
 66023 | Zig:8    | Entered Level 8 of a ziggurat
 66124 | Zig:9    | Entered Level 9 of a ziggurat
 66132 | Zig:9    | Gained mutation: Armour fits poorly on your strangely shaped body. [a shining eye]
 66133 | Zig:9    | Lost mutation: You occasionally shout uncontrollably at your foes. [a shining eye]
 66372 | Zig:10   | Entered Level 10 of a ziggurat
 66384 | Zig:10   | Found the cursed necklace of Bloodlust {*Rage +Rage MR++ Int-3 Slay+6 *Curse}
 66482 | Zig:10   | Identified the +2 pair of boots "Wipt" {rCorr} (You found it on level 10 of a ziggurat)
 66508 | Zig:11   | Entered Level 11 of a ziggurat
 66704 | Zig:11   | Learned a level 1 spell: Summon Butterflies
 66708 | Zig:12   | Entered Level 12 of a ziggurat
 66735 | Zig:12   | Reached skill level 1 in Summonings
 66919 | Zig:13   | Entered Level 13 of a ziggurat
 67031 | Zig:13   | Found the amulet of the Air {Inacc +Fly rElec EV+5 RMsl}
 67068 | Zig:14   | Entered Level 14 of a ziggurat
 67089 | Zig:14   | Noticed Kaneschem the pandemonium lord
 67094 | Zig:14   | Reached skill level 10 in Throwing
 67110 | Zig:14   | Killed Kaneschem the pandemonium lord
 67113 | Zig:14   | Paralysed by you for 5 turns
 67246 | Zig:14   | Got a pitted pewter ring
 67249 | Zig:14   | Identified the ring of Xom's Best Wishes {rF+ MR+} (You found it on level 14 of a ziggurat)
 67258 | Zig:15   | Entered Level 15 of a ziggurat
 67286 | Zig:15   | Noticed an ancient lich
 67309 | Zig:15   | Noticed an ancient lich
 67309 | Zig:15   | Killed an ancient lich
 67328 | Zig:15   | Killed an ancient lich
 67421 | Zig:15   | Identified the Grimoire of Changing
 67432 | Zig:15   | Identified the ring "Rogar" {rElec MR+ SInv} (You found it on level 15 of a ziggurat)
 67445 | Zig:16   | Entered Level 16 of a ziggurat
 67465 | Zig:16   | Noticed a greater mummy
 67465 | Zig:16   | Noticed a greater mummy
 67466 | Zig:16   | Noticed a greater mummy
 67474 | Zig:16   | Noticed a greater mummy
 67474 | Zig:16   | Noticed a greater mummy
 67474 | Zig:16   | Noticed a greater mummy
 67474 | Zig:16   | Noticed a greater mummy
 67476 | Zig:16   | Killed a greater mummy
 67480 | Zig:16   | Killed a greater mummy
 67480 | Zig:16   | Killed a greater mummy
 67482 | Zig:16   | Killed a greater mummy
 67482 | Zig:16   | Killed a greater mummy
 67482 | Zig:16   | Was placed under penance by the Shining One
 67482 | Zig:16   | Killed a greater mummy
 67495 | Zig:16   | Killed a greater mummy
 67624 | Zig:17   | Entered Level 17 of a ziggurat
 67683 | Zig:17   | Reached skill level 10 in Summonings
 67975 | Zig:17   | Found the +6 shillelagh "Devastator" {shatter}
 67984 | Zig:17   | Identified the ring of Zecrur {-Tele *Slow EV+4 Str+7 Int+4} (You found it on level 17 of a ziggurat)
 67988 | Zig:17   | Identified the Grimoire of Floating Necromancy
 67996 | Zig:17   | Identified the ring of Amuaho {rPois Int+3 Stlth+} (You found it on level 17 of a ziggurat)
 68048 | Zig:17   | Lost mutation: You are dopey. (Int -2) [potion of mutation]
 68048 | Zig:17   | Lost mutation: Armour fits poorly on your strangely shaped body. [potion of mutation]
 68048 | Zig:17   | Lost mutation: Your magical capacity is low. (-10% MP) [potion of mutation]
 68048 | Zig:17   | Gained mutation: You are resistant to hostile enchantments. (MR+) [potion of mutation]
 68048 | Zig:17   | Lost mutation: Your spells are a little easier to cast, but a little less powerful. [potion of mutation]
 68049 | Zig:17   | Lost mutation: You are resistant to hostile enchantments. (MR+) [potion of mutation]
 68049 | Zig:17   | Lost mutation: Scrolls take you a little longer to read. [potion of mutation]
 68049 | Zig:17   | Gained mutation: You are resistant to hostile enchantments. (MR+) [potion of mutation]
 68049 | Zig:17   | Gained mutation: Your muscles are strong. (Str +2) [potion of mutation]
 68064 | Zig:18   | Entered Level 18 of a ziggurat
 68207 | Zot:1    | Entered Level 1 of the Realm of Zot
 69387 | Zot:1    | Reached skill level 1 in Evocations
 69906 | Zot:2    | Noticed Tiamat
 70301 | Zot:2    | Killed Tiamat
 70301 | Zot:2    | Reached skill level 5 in Evocations
 71634 | Zot:3    | Was forgiven by the Shining One
 73049 | Zot:5    | Entered Level 5 of the Realm of Zot
 73411 | Zot:5    | Reached skill level 10 in Evocations
 73504 | Zot:5    | Noticed an ancient lich
 73510 | Zot:5    | Killed an ancient lich
 73547 | Zot:5    | Noticed an orb of fire
 73563 | Zot:5    | Gained mutation: You are frail. (-10% HP) [an orb of fire]
 73565 | Zot:5    | Gained mutation: Your magical capacity is low. (-10% MP) [an orb of fire]
 73575 | Zot:5    | Killed an orb of fire
 73594 | Zot:5    | Noticed an orb of fire
 73610 | Zot:5    | Killed an orb of fire
 73776 | Zot:5    | Noticed an orb of fire
 73783 | Zot:5    | Gained mutation: You are dopey. (Int -2) [an orb of fire]
 73788 | Zot:5    | Gained mutation: Your body sometimes deteriorates upon taking damage. [an orb of fire]
 73798 | Zot:5    | Killed an orb of fire
 73802 | Zot:5    | Noticed an ancient lich
 73817 | Zot:5    | Killed an ancient lich
 73841 | Zot:5    | Noticed an orb of fire
 73857 | Zot:5    | Killed an orb of fire
 73901 | Zot:5    | Noticed an orb of fire
 73915 | Zot:5    | Gained mutation: You are very frail. (-20% HP) [an orb of fire]
 73927 | Zot:5    | Lost mutation: Your muscles are strong. (Str +2) [an orb of fire]
 73934 | Zot:5    | Killed an orb of fire
 74761 | Slime:1  | Entered Level 1 of the Pits of Slime
 75294 | Slime:2  | Reached skill level 27 in Invocations
 75600 | Slime:3  | Gained mutation: You are extremely frail. (-30% HP) [a shining eye]
 75668 | Slime:3  | Noticed Dissolution
 75686 | Slime:3  | Killed Dissolution
 76239 | Slime:5  | Entered Level 5 of the Pits of Slime
 76382 | Slime:5  | Gained mutation: Your body often deteriorates upon taking damage. [a shining eye]
 76401 | Slime:5  | Lost mutation: You are dopey. (Int -2) [potion of mutation]
 76401 | Slime:5  | Lost mutation: You have sharp toenails. [potion of mutation]
 76401 | Slime:5  | Gained mutation: You are partially covered in thin metallic scales. (AC +2) [potion of mutation]
 76401 | Slime:5  | Gained mutation: Your skin changes colour to match your surroundings (Stealth+). [potion of mutation]
 76402 | Slime:5  | Lost mutation: You are extremely frail. (-30% HP) [potion of mutation]
 76402 | Slime:5  | Lost mutation: Your skin changes colour to match your surroundings (Stealth+). [potion of mutation]
 76402 | Slime:5  | Lost mutation: You are very frail. (-20% HP) [potion of mutation]
 76402 | Slime:5  | Lost mutation: You are resistant to hostile enchantments. (MR+) [potion of mutation]
 76402 | Slime:5  | Gained mutation: Your flesh is heat resistant. (rF+) [potion of mutation]
 76402 | Slime:5  | Gained mutation: Your skin changes colour to match your surroundings (Stealth+). [potion of mutation]
 76563 | Slime:5  | Noticed the Royal Jelly
 76580 | Slime:5  | Killed the Royal Jelly
 77000 | Slime:5  | Gained mutation: Your magical capacity is very low. (-20% MP) [a shining eye]
 77039 | Slime:5  | Identified the +0 cloak "Xuibem" {Str+3 Dex+6} (You found it on level 5 of the Pits of Slime)
 77073 | Slime:5  | Got a slimy rune of Zot
 77074 | Slime:5  | Identified the Papyrus of Talismans and Poison
 77097 | Slime:5  | Got a glittering lapis lazuli ring
 77099 | Slime:5  | Identified the ring "Heru" {Wiz rPois rN+ Int+3 Stlth-} (You found it on level 5 of the Pits of Slime)
 77667 | Tomb:2   | Noticed a greater mummy
 77671 | Tomb:2   | Noticed a greater mummy
 77671 | Tomb:2   | Noticed an ancient lich
 77674 | Tomb:2   | Noticed a greater mummy
 77717 | Tomb:2   | Killed a greater mummy
 77729 | Tomb:2   | Killed an ancient lich
 77729 | Tomb:2   | Killed a greater mummy
 77732 | Tomb:2   | Killed a greater mummy
 78135 | Tomb:1   | Noticed a greater mummy
 78140 | Tomb:1   | Noticed a greater mummy
 78142 | Tomb:1   | Killed a greater mummy
 78168 | Tomb:1   | Killed a greater mummy
 78202 | Tomb:1   | Noticed a greater mummy
 78214 | Tomb:1   | Killed a greater mummy
 78219 | Tomb:1   | Noticed a greater mummy
 78231 | Tomb:1   | Killed a greater mummy
 78305 | Tomb:1   | Noticed a greater mummy
 78316 | Tomb:1   | Killed a greater mummy
 78329 | Tomb:1   | Noticed a greater mummy
 78332 | Tomb:1   | Noticed a greater mummy
 78338 | Tomb:1   | Killed a greater mummy
 78372 | Tomb:1   | Killed a greater mummy
 78494 | Tomb:1   | Noticed a greater mummy
 78504 | Tomb:1   | Killed a greater mummy
 78514 | Tomb:1   | Noticed a greater mummy
 78529 | Tomb:1   | Killed a greater mummy
 78539 | Tomb:1   | Noticed a greater mummy
 78553 | Tomb:1   | Killed a greater mummy
 78565 | Tomb:1   | Noticed a greater mummy
 78579 | Tomb:1   | Killed a greater mummy
 78859 | Tomb:3   | Entered Level 3 of the Tomb of the Ancients
 78915 | Tomb:3   | Noticed an ancient lich
 78916 | Tomb:3   | Noticed a greater mummy
 78917 | Tomb:3   | Noticed a greater mummy
 78919 | Tomb:3   | Noticed a greater mummy
 78921 | Tomb:3   | Noticed Khufu
 78921 | Tomb:3   | Noticed a greater mummy
 78921 | Tomb:3   | Noticed a greater mummy
 78923 | Tomb:3   | Killed an ancient lich
 78923 | Tomb:3   | Noticed a greater mummy
 78926 | Tomb:3   | Noticed an ancient lich
 78926 | Tomb:3   | Noticed a greater mummy
 78969 | Tomb:3   | Lost intelligence.
 78979 | Tomb:2   | Killed an ancient lich
 78983 | Tomb:2   | Killed a greater mummy
 79015 | Tomb:2   | Lost intelligence.
 79312 | Tomb:3   | Noticed a greater mummy
 79324 | Tomb:3   | Killed a greater mummy
 79334 | Tomb:3   | Killed a greater mummy
 79336 | Tomb:3   | Killed Khufu
 79339 | Tomb:3   | Killed a greater mummy
 79342 | Tomb:3   | Killed a greater mummy
 79343 | Tomb:3   | Killed a greater mummy
 79344 | Tomb:3   | Killed a greater mummy
 79361 | Tomb:3   | Killed a greater mummy
 79439 | Tomb:3   | Identified the +2 mace of Power {crush, Stlth+} (You found it on level 3 of the Tomb of the Ancients)
 79583 | Tomb:3   | Found the +8 whip "Snakebite" {curare, rPois}
 79593 | Tomb:3   | Identified the +0 ice dragon scales of Masochism {rF- rC++ rN+} (You found it on level 3 of the Tomb of the Ancients)
 79611 | Tomb:3   | Identified the +0 helmet of Buzify {Regen+ MP-9 Int+8 Slay+3} (You found it on level 3 of the Tomb of the Ancients)
 79679 | Tomb:3   | Identified Hutohaj's Disquisition on the Oath and Confrontation
 79757 | Tomb:3   | Got a golden rune of Zot
 80272 | Hell     | Upgraded the game from 0.22-a0-609-gfedc9ff to 0.22-a0-612-gd2f0174
 80275 | Zig:1    | Entered Level 1 of a ziggurat
 80298 | Zig:2    | Entered Level 2 of a ziggurat
 80355 | Zig:3    | Entered Level 3 of a ziggurat
 80390 | Zig:3    | Got a scorched helmet
 80402 | Zig:3    | Identified the +2 helmet of Plasticity {rPois Int+3} (You found it on level 3 of a ziggurat)
 80422 | Zig:4    | Entered Level 4 of a ziggurat
 80467 | Zig:4    | Got a clouded bronze ring
 80469 | Zig:4    | Identified the ring of Doubts {rF+ AC+6 Slay+2} (You found it on level 4 of a ziggurat)
 80570 | Zig:5    | Entered Level 5 of a ziggurat
 80619 | Zig:6    | Entered Level 6 of a ziggurat
 80623 | Zig:6    | Noticed Neemu the pandemonium lord
 80629 | Zig:6    | Found the +8 autumn katana {slice, Clar}
 80655 | Zig:6    | Killed Neemu the pandemonium lord
 80736 | Zig:7    | Entered Level 7 of a ziggurat
 80745 | Zig:7    | Found the +3 crown of Dyrovepreva {rElec Int+2 SInv}
 80782 | Zig:7    | Identified the Disquisition on the Noxious Blaze
 80797 | Zig:8    | Entered Level 8 of a ziggurat
 80811 | Zig:8    | Found the macabre finger necklace {rN+}
 80858 | Zig:8    | Identified the Almanac of Toxins and Talismans
 80864 | Zig:8    | Learned a level 2 spell: Song of Slaying
 80889 | Zig:9    | Entered Level 9 of a ziggurat
 80938 | Zig:9    | Reached skill level 27 in Armour
 80967 | Zig:9    | Learned a level 3 spell: Lesser Beckoning
 80978 | Zig:10   | Entered Level 10 of a ziggurat
 81078 | Zig:10   | Identified the +2 flail "Sego" {flame, +Blink Str-4 SInv} (You found it on level 10 of a ziggurat)
 81081 | Zig:10   | Got a faintly glowing ruby amulet
 81082 | Zig:10   | Identified the amulet of Pawoysefri {Regen+ Slay+6} (You found it on level 10 of a ziggurat)
 81093 | Zig:11   | Entered Level 11 of a ziggurat
 81159 | Zig:11   | Identified Hennoastai's Disquisition on the Traveller and Combat Magic
 81163 | Zig:11   | Identified Gexkij's Almanac of Augmentations and Weightlessness
 81171 | Zig:12   | Entered Level 12 of a ziggurat
 81223 | Zig:12   | Got a wavering granite ring
 81225 | Zig:12   | Identified the ring "Xaklia Yski" {MP+9 Dex+3} (You found it on level 12 of a ziggurat)
 81231 | Zig:12   | Identified the Tome of Toxins and the Voyage
 81240 | Zig:13   | Entered Level 13 of a ziggurat
 81346 | Zig:13   | Reached skill level 27 in Fighting
 81379 | Zig:13   | Got a heavily runed amber ring
 81391 | Zig:13   | Got a sparkling lapis lazuli ring
 81396 | Zig:13   | Got a vibrating lead ring
 81398 | Zig:13   | Identified the ring "Sanguv" {*Tele +Blink rC+ MR-} (You found it on level 13 of a ziggurat)
 81400 | Zig:13   | Identified the ring of Eternity {+Inv rPois rN+ Int-2 Dex+2} (You found it on level 13 of a ziggurat)
 81402 | Zig:13   | Identified the ring "Ulosaff" {rN+ MR+ EV+4} (You found it on level 13 of a ziggurat)
 81414 | Zig:14   | Entered Level 14 of a ziggurat
 81525 | Zig:14   | Got a clouded amethyst amulet
 81526 | Zig:14   | Identified the amulet of Danoihuh {Harm *Drain rElec rF+ Int+4 Dex+2} (You found it on level 14 of a ziggurat)
 81581 | Zig:14   | Learned a level 7 spell: Spellforged Servitor
 81587 | Zig:15   | Entered Level 15 of a ziggurat
 81617 | Zig:15   | Reached skill level 1 in Conjurations
 81670 | Zig:15   | Identified Lom Lobon's Catalogue of the Compass
 81673 | Zig:15   | Got a smoking platinum ring
 81675 | Zig:15   | Identified the cursed ring "Noni Nut" {rPois rN+ AC-3 Str+3 Stlth-} (You found it on level 15 of a ziggurat)
 81695 | Zig:15   | Identified the Handbook of Battle Magic
 81705 | Zig:16   | Entered Level 16 of a ziggurat
 81711 | Zig:16   | Lost mutation: Your magical capacity is very low. (-20% MP) [potion of mutation]
 81711 | Zig:16   | Lost mutation: Your body often deteriorates upon taking damage. [potion of mutation]
 81711 | Zig:16   | Lost mutation: Your body sometimes deteriorates upon taking damage. [potion of mutation]
 81711 | Zig:16   | Lost mutation: Your skin changes colour to match your surroundings (Stealth+). [potion of mutation]
 81711 | Zig:16   | Gained mutation: You expend magic power (3 MP) to strengthen your wands. [potion of mutation]
 81712 | Zig:16   | Lost mutation: Your magical capacity is low. (-10% MP) [potion of mutation]
 81712 | Zig:16   | Lost mutation: You are frail. (-10% HP) [potion of mutation]
 81712 | Zig:16   | Lost mutation: You are partially covered in thin metallic scales. (AC +2) [potion of mutation]
 81712 | Zig:16   | Gained mutation: Armour fits poorly on your strangely shaped body. [potion of mutation]
 81712 | Zig:16   | Gained mutation: Your movements are slightly less encumbered by armour. (ER -2) [potion of mutation]
 81712 | Zig:16   | Gained mutation: Your flesh is cold resistant. (rC+) [potion of mutation]
 81771 | Zig:16   | Noticed a greater mummy
 81772 | Zig:16   | Noticed a greater mummy
 81772 | Zig:16   | Noticed a greater mummy
 81773 | Zig:16   | Found the +8 frozen axe "Frostbite" {freezing cloud, *Noise +Fly rC+}
 81777 | Zig:16   | Killed a greater mummy
 81777 | Zig:16   | Killed a greater mummy
 81777 | Zig:16   | Reached skill level 5 in Conjurations
 81777 | Zig:16   | Killed a greater mummy
 81777 | Zig:16   | Reached skill level 15 in Dodging
 81800 | Zig:16   | Identified the Collected Works on Evil Arts and Snow
 81817 | Zig:17   | Entered Level 17 of a ziggurat
 81840 | Zig:17   | Noticed Wahuubi the pandemonium lord
 81840 | Zig:17   | Noticed Ananwips the pandemonium lord
 81841 | Zig:17   | Noticed Qeodilyiqar the pandemonium lord
 81851 | Zig:17   | Killed Wahuubi the pandemonium lord
 81856 | Zig:17   | Killed Qeodilyiqar the pandemonium lord
 81858 | Zig:17   | Killed Ananwips the pandemonium lord
 81861 | Zig:17   | Noticed Qoink the pandemonium lord
 81861 | Zig:17   | Noticed Bocic the pandemonium lord
 81877 | Zig:17   | Killed Qoink the pandemonium lord
 81878 | Zig:17   | Killed Bocic the pandemonium lord
 81950 | Zig:17   | Found the +5 scythe "Finisher" {speed, Str+3}
 81965 | Zig:17   | Identified the Tome of the Compass and Moulding
 81993 | Zig:18   | Entered Level 18 of a ziggurat
 82028 | Zig:18   | Reached skill level 10 in Conjurations
 82266 | Zig:18   | Found the +11 plutonium sword {*Contam Stlth-}
 82285 | Zig:18   | Got a brightly glowing jade ring
 82287 | Zig:18   | Identified the ring of the Priest {rF+ rN+ Int+6} (You found it on level 18 of a ziggurat)
 82309 | Zig:19   | Entered Level 19 of a ziggurat
 82499 | Zig:19   | Got a transparent bronze ring
 82501 | Zig:19   | Identified the ring "Kaac Zyt" {*Tele rPois Int+3} (You found it on level 19 of a ziggurat)
 82519 | Zig:19   | Identified the +10 mace of Optimality {pain, Dex+3} (You found it on level 19 of a ziggurat)
 82527 | Zig:20   | Entered Level 20 of a ziggurat
 82715 | Zig:20   | Got a sparkling tin ring
 82719 | Zig:20   | Identified the ring "Kyekhi Ysio" {Fire *Slow +Blink MP+9 Str+4} (You found it on level 20 of a ziggurat)
 82727 | Zig:20   | Got a warped crystal amulet
 82728 | Zig:20   | Identified the amulet of Suspected Treachery {Inacc rElec rC+ Str-4} (You found it on level 20 of a ziggurat)
 82743 | Zig:20   | Got a bound copper ring
 82745 | Zig:20   | Identified the ring of Circhysew {Wiz rC++ Str+3 Dex+4} (You found it on level 20 of a ziggurat)
 82754 | Zig:21   | Entered Level 21 of a ziggurat
 82801 | Zig:21   | Gained mutation: You are dopey. (Int -2) [a cacodemon]
 82802 | Zig:21   | Gained mutation: You are resistant to hostile enchantments. (MR+) [a cacodemon]
 82804 | Zig:21   | Noticed Wymniox the pandemonium lord
 82814 | Zig:21   | Gained mutation: You tend to lose your temper in combat. [a cacodemon]
 82814 | Zig:21   | Gained mutation: Your spells are a little easier to cast, but a little less powerful. [a cacodemon]
 82819 | Zig:21   | Killed Wymniox the pandemonium lord
 82820 | Zig:21   | Reached skill level 15 in Translocations
 82895 | Zig:21   | Got a shimmering bone amulet
 82897 | Zig:22   | Entered Level 22 of a ziggurat
 82898 | Zig:22   | Identified the amulet "Wanuavvite" {-Tele +Rage rElec rC- Dex+5} (You found it on level 21 of a ziggurat)
 82945 | Zig:22   | Reached skill level 15 in Conjurations
 83019 | Zig:22   | Gained mutation: You do not regenerate when monsters are visible. [a shining eye]
 83027 | Zig:22   | Gained mutation: You occasionally shout uncontrollably at your foes. [a shining eye]
 83335 | Zig:22   | Identified Gipe Moi's Collected Works on the Entrancing Glacier
 83341 | Zig:22   | Lost mutation: Armour fits poorly on your strangely shaped body. [potion of mutation]
 83341 | Zig:22   | Lost mutation: Your spells are a little easier to cast, but a little less powerful. [potion of mutation]
 83341 | Zig:22   | Lost mutation: You are resistant to hostile enchantments. (MR+) [potion of mutation]
 83341 | Zig:22   | Gained mutation: Scrolls take you a little longer to read. [potion of mutation]
 83341 | Zig:22   | Gained mutation: You passively map a small area around you. [potion of mutation]
 83342 | Zig:22   | Lost mutation: Scrolls take you a little longer to read. [potion of mutation]
 83342 | Zig:22   | Lost mutation: You tend to lose your temper in combat. [potion of mutation]
 83342 | Zig:22   | Lost mutation: You passively map a small area around you. [potion of mutation]
 83342 | Zig:22   | Gained mutation: You sometimes yell uncontrollably at your foes. [potion of mutation]
 83342 | Zig:22   | Gained mutation: You can translocate small distances at will. [potion of mutation]
 83343 | Zig:22   | Lost mutation: You expend magic power (3 MP) to strengthen your wands. [potion of mutation]
 83343 | Zig:22   | Lost mutation: You are dopey. (Int -2) [potion of mutation]
 83343 | Zig:22   | Lost mutation: Your flesh is heat resistant. (rF+) [potion of mutation]
 83343 | Zig:22   | Lost mutation: You can translocate small distances at will. [potion of mutation]
 83343 | Zig:22   | Gained mutation: Your spells are a little easier to cast, but a little less powerful. [potion of mutation]
 83343 | Zig:22   | Gained mutation: You are partially covered in iridescent scales. (AC +2) [potion of mutation]
 83344 | Zig:22   | Lost mutation: Your flesh is cold resistant. (rC+) [potion of mutation]
 83344 | Zig:22   | Lost mutation: You do not regenerate when monsters are visible. [potion of mutation]
 83344 | Zig:22   | Lost mutation: Your movements are slightly less encumbered by armour. (ER -2) [potion of mutation]
 83344 | Zig:22   | Gained mutation: You are weak. (Str -2) [potion of mutation]
 83344 | Zig:22   | Gained mutation: You have a pair of small antennae on your head. [potion of mutation]
 83345 | Zig:22   | Lost mutation: You sometimes yell uncontrollably at your foes. [potion of mutation]
 83345 | Zig:22   | Lost mutation: You have a pair of small antennae on your head. [potion of mutation]
 83345 | Zig:22   | Lost mutation: You are partially covered in iridescent scales. (AC +2) [potion of mutation]
 83345 | Zig:22   | Gained mutation: Your spells are easier to cast, but less powerful. [potion of mutation]
 83345 | Zig:22   | Gained mutation: You have a pair of small horns on your head. [potion of mutation]
 83345 | Zig:22   | Gained mutation: You expend magic power (3 MP) to strengthen your wands. [potion of mutation]
 83346 | Zig:22   | Lost mutation: You are weak. (Str -2) [potion of mutation]
 83346 | Zig:22   | Lost mutation: You have a pair of small horns on your head. [potion of mutation]
 83346 | Zig:22   | Gained mutation: Your spells are much easier to cast, but much less powerful. [potion of mutation]
 83346 | Zig:22   | Gained mutation: You have a pair of small horns on your head. [potion of mutation]
 83346 | Zig:22   | Gained mutation: You have a pair of horns on your head. [potion of mutation]
 83347 | Zig:22   | Lost mutation: Your spells are much easier to cast, but much less powerful. [potion of mutation]
 83347 | Zig:22   | Lost mutation: Your spells are easier to cast, but less powerful. [potion of mutation]
 83347 | Zig:22   | Lost mutation: Your spells are a little easier to cast, but a little less powerful. [potion of mutation]
 83347 | Zig:22   | Lost mutation: You occasionally shout uncontrollably at your foes. [potion of mutation]
 83347 | Zig:22   | Gained mutation: Your muscles are strong. (Str +2) [potion of mutation]
 83347 | Zig:22   | Gained mutation: You can translocate small distances at will. [potion of mutation]
 83348 | Zig:22   | Lost mutation: You have a pair of horns on your head. [potion of mutation]
 83348 | Zig:22   | Lost mutation: You expend magic power (3 MP) to strengthen your wands. [potion of mutation]
 83348 | Zig:22   | Lost mutation: You can translocate small distances at will. [potion of mutation]
 83348 | Zig:22   | Lost mutation: Your muscles are strong. (Str +2) [potion of mutation]
 83348 | Zig:22   | Gained mutation: You are weak. (Str -2) [potion of mutation]
 83348 | Zig:22   | Gained mutation: You are partially covered in yellow scales. (AC +2) [potion of mutation]
 83349 | Zig:22   | Lost mutation: You are weak. (Str -2) [potion of mutation]
 83349 | Zig:22   | Lost mutation: You have a pair of small horns on your head. [potion of mutation]
 83349 | Zig:22   | Gained mutation: Your spells are a little easier to cast, but a little less powerful. [potion of mutation]
 83349 | Zig:22   | Gained mutation: You are clumsy. (Dex -2) [potion of mutation]
 83349 | Zig:22   | Gained mutation: You have a somewhat thin skeletal structure. (Dex +2, Stealth) [potion of mutation]
 83349 | Zig:22   | Gained mutation: Your flesh is cold resistant. (rC+) [potion of mutation]
 83359 | Zig:23   | Entered Level 23 of a ziggurat
 83392 | Zig:23   | Noticed an ancient lich
 83407 | Zig:23   | Killed an ancient lich
 83438 | Zig:23   | Noticed an ancient lich
 83449 | Zig:23   | Killed an ancient lich
 83475 | Zig:23   | Noticed an ancient lich
 83499 | Zig:23   | Killed an ancient lich
 83614 | Zig:23   | Found the +9 sword of Zonguldrok {reap}
 83644 | Zig:23   | Reached skill level 15 in Throwing
 83646 | Zig:23   | Identified the +1 plate armour of Utzash {rF++ Str-4} (You found it on level 23 of a ziggurat)
 83652 | Zig:24   | Entered Level 24 of a ziggurat
 83921 | Zig:24   | Found the +2 ratskin cloak {+Rats rPois rN+ Str-1 Int-1 Dex+1}
 83947 | Zig:24   | Got a smoking lead ring
 83948 | Zig:24   | Identified the ring "Tepud" {+Blink rElec Str-4 SInv} (You found it on level 24 of a ziggurat)
 83956 | Zig:24   | Identified the Compendium of Glacial Lightness
 83994 | Zig:24   | Identified the +2 flail of Ereu {crush, rF++ Str+6 Int+4} (You found it on level 24 of a ziggurat)
 83999 | Zig:25   | Entered Level 25 of a ziggurat
 84038 | Zig:25   | Noticed an ancient lich
 84051 | Zig:25   | Killed an ancient lich
 84057 | Zig:25   | Noticed an ancient lich
 84067 | Zig:25   | Noticed an ancient lich
 84078 | Zig:25   | Noticed an ancient lich
 84095 | Zig:25   | Killed an ancient lich
 84095 | Zig:25   | Killed an ancient lich
 84104 | Zig:25   | Killed an ancient lich
 84242 | Zig:25   | Identified the +0 cloak of the Accordion {rPois Regen+ Int-3} (You acquired it on level 25 of a ziggurat)
 84267 | Zig:25   | Identified the cursed +0 pair of boots of the Six Souls {rC+} (You found it on level 25 of a ziggurat)
 84273 | Zig:25   | Identified the Incunabulum of Unstable Earth
 84280 | Zig:26   | Entered Level 26 of a ziggurat
 84307 | Zig:26   | Noticed a juggernaut
 84307 | Zig:26   | Noticed a juggernaut
 84313 | Zig:26   | Noticed a juggernaut
 84317 | Zig:26   | Killed a juggernaut
 84318 | Zig:26   | Noticed a juggernaut
 84320 | Zig:26   | Noticed a juggernaut
 84322 | Zig:26   | Killed a juggernaut
 84322 | Zig:26   | Noticed a juggernaut
 84323 | Zig:26   | Noticed a juggernaut
 84326 | Zig:26   | Noticed a juggernaut
 84327 | Zig:26   | Noticed a juggernaut
 84335 | Zig:26   | Noticed a juggernaut
 84339 | Zig:26   | Killed a juggernaut
 84339 | Zig:26   | Noticed a juggernaut
 84341 | Zig:26   | Noticed a juggernaut
 84343 | Zig:26   | Noticed a juggernaut
 84350 | Zig:26   | Noticed a juggernaut
 84351 | Zig:26   | Killed a juggernaut
 84359 | Zig:26   | Killed a juggernaut
 84367 | Zig:26   | Noticed a juggernaut
 84367 | Zig:26   | Killed a juggernaut
 84376 | Zig:26   | Killed a juggernaut
 84378 | Zig:26   | Killed a juggernaut
 84382 | Zig:26   | Killed a juggernaut
 84382 | Zig:26   | Reached skill level 27 in Shields
 84386 | Zig:26   | Killed a juggernaut
 84388 | Zig:26   | Killed a juggernaut
 84398 | Zig:26   | Killed a juggernaut
 84399 | Zig:26   | Noticed a juggernaut
 84415 | Zig:26   | Killed a juggernaut
 84422 | Zig:26   | Killed a juggernaut
 84428 | Zig:26   | Killed a juggernaut
 84434 | Zig:26   | Killed a juggernaut
 84698 | Zig:26   | Got a smoking glass ring
 84699 | Zig:26   | Identified the ring "Ixaiff" {Ice Dex+3} (You found it on level 26 of a ziggurat)
 84712 | Zig:26   | Got a coiled garnet amulet
 84713 | Zig:26   | Identified the amulet of Odexyar {rN+ Regen+} (You found it on level 26 of a ziggurat)
 84729 | Zig:27   | Entered Level 27 of a ziggurat
 85282 | Zig:27   | Got a translucent turquoise ring
 85284 | Zig:27   | Identified Rihoxt's Catalogue of Summoning
 85325 | Zig:27   | Identified the ring of Woetraomn {rCorr -Tele rPois rN+++ SInv} (You found it on level 27 of a ziggurat)
 85327 | Zig:27   | Identified the +2 pair of boots of the Dice {rF+} (You found it on level 27 of a ziggurat)
 85345 | Zig:27   | Got a steaming garnet amulet
 85346 | Zig:27   | Identified the amulet "Coedd" {Faith +Fly rPois rF- Str-5} (You found it on level 27 of a ziggurat)
 85447 | Dis:1    | Entered Level 1 of the Iron City of Dis
 87314 | Dis:7    | Entered Level 7 of the Iron City of Dis
 87429 | Dis:7    | Gained mutation: You are frail. (-10% HP) [mutagenic glow]
 87475 | Dis:7    | Gained mutation: Your magical capacity is low. (-10% MP) [mutagenic glow]
 87553 | Dis:7    | Lost mutation: You have a somewhat thin skeletal structure. (Dex +2, Stealth) [potion of mutation]
 87553 | Dis:7    | Lost mutation: You are frail. (-10% HP) [potion of mutation]
 87553 | Dis:7    | Gained mutation: You are robust. (+10% HP) [potion of mutation]
 87553 | Dis:7    | Lost mutation: Your spells are a little easier to cast, but a little less powerful. [potion of mutation]
 87784 | Dis:7    | Noticed the Serpent of Hell
 87797 | Dis:7    | Killed the Serpent of Hell
 88136 | Dis:7    | Got a brightly glowing ivory ring
 88137 | Dis:7    | Identified the ring "Acsooty" {MR+ Str+5 Dex+5} (You found it on level 7 of the Iron City of Dis)
 88429 | Dis:7    | Noticed Dispater
 88471 | Dis:7    | Killed Dispater
 88533 | Dis:7    | Got an iron rune of Zot
 89876 | Tar:7    | Entered Level 7 of Tartarus
 90019 | Tar:7    | Reached skill level 27 in Dodging
 90050 | Tar:7    | Cast into level 3 of the Abyss (a lich)
 90381 | Abyss:3  | Paralysed by accursed screaming for 1 turns
 90509 | Abyss:3  | Found a corrupted altar of Lugonu.
 90561 | Tar:7    | Escaped the Abyss
 90579 | Tar:7    | Identified Yweq's Handbook of Scorching Fascination
 90833 | Tar:7    | Got a smoking lead ring
 90834 | Tar:7    | Identified the ring "Aciyr" {rCorr Int+7 Dex+2} (You found it on level 7 of Tartarus)
 90904 | Tar:7    | Noticed Ereshkigal
 90926 | Tar:7    | Killed Ereshkigal
 91325 | Tar:7    | Got a bone rune of Zot
 91704 | Depths:4 | Voluntarily entered the Abyss.
 91745 | Abyss:1  | Noticed an ancient lich
 91749 | Abyss:1  | Killed an ancient lich
 91938 | Abyss:2  | Found a roughly hewn altar of Beogh.
 91981 | Abyss:3  | Got an abyssal rune of Zot
 91991 | Depths:4 | Escaped the Abyss
 92050 | Pan      | Entered Pandemonium
 92141 | Pan      | Noticed Elos the pandemonium lord
 92149 | Pan      | Killed Elos the pandemonium lord
 92739 | Pan      | Reached skill level 1 in Transmutations
 92758 | Pan      | Noticed Goylluco the pandemonium lord
 92762 | Pan      | Gained mutation: You are dopey. (Int -2) [a cacodemon]
 92771 | Pan      | Killed Goylluco the pandemonium lord
 92794 | Pan      | Gained mutation: You are very dopey. (Int -4) [a neqoxec]
 92879 | Pan      | Reached skill level 5 in Transmutations
 93196 | Pan      | Noticed Pyroer the pandemonium lord
 93206 | Pan      | Entered the realm of Cerebov.
 93447 | Pan      | Identified the ring "Tymab" {*Tele Int+4} (You took it off a balrug in Pandemonium)
 93449 | Pan      | Noticed Cerebov
 93475 | Pan      | Killed Cerebov
 93519 | Pan      | Identified the ring "Syiwowko" {*Contam rC+++ Int+3 SInv Stlth-} (You took it off a red devil in Pandemonium)
 93787 | Pan      | Reached skill level 15 in Hexes
 93787 | Pan      | Reached skill level 10 in Transmutations
 94143 | Pan      | Identified the Collected Works on Icy Evil Magic
 94202 | Pan      | Got a fiery rune of Zot
 94297 | Pan      | Found an exit through the horrors of the Abyss.
 94488 | Pan      | Gained mutation: You are weak. (Str -2) [a cacodemon]
 94781 | Pan      | Noticed Xocegur the pandemonium lord
 94788 | Pan      | Killed Xocegur the pandemonium lord
 95051 | Pan      | Entered the realm of Lom Lobon.
 95513 | Pan      | Noticed Lom Lobon
 95514 | Pan      | Got a magical rune of Zot
 95523 | Pan      | Noticed Pyofepay the pandemonium lord
 95541 | Pan      | Killed Pyofepay the pandemonium lord
 95557 | Pan      | Entered the realm of Gloorx Vloq.
 95574 | Pan      | Noticed Gloorx Vloq
 95592 | Pan      | Killed Gloorx Vloq
 95651 | Pan      | Got a dark rune of Zot
 95763 | Pan      | Entered the realm of Mnoleg.
 95876 | Pan      | Gained mutation: Potions are less effective at restoring your health. [a neqoxec]
 96043 | Pan      | Found an exit through the horrors of the Abyss.
 96055 | Pan      | Lost mutation: You are robust. (+10% HP) [a neqoxec]
 96177 | Pan      | Gained mutation: Armour fits poorly on your strangely shaped body. [a neqoxec]
 96179 | Pan      | Gained mutation: Your body sometimes deteriorates upon taking damage. [a neqoxec]
 96202 | Pan      | Noticed Mnoleg
 96218 | Pan      | Killed Mnoleg
 96238 | Pan      | Got a glowing rune of Zot
 97004 | Pan      | Found an exit through the horrors of the Abyss.
 97187 | Pan      | Noticed Lom Lobon
 97227 | Pan      | Killed Lom Lobon
 97533 | Pan      | Noticed Lefiras the pandemonium lord
 97546 | Pan      | Killed Lefiras the pandemonium lord
 98127 | Pan      | Identified the Papyrus of Creative Stones
 98142 | Pan      | Found an exit through the horrors of the Abyss.
 98188 | Pan      | Noticed Komuk the pandemonium lord
 98204 | Pan      | Killed Komuk the pandemonium lord
 98587 | Pan      | Reached skill level 27 in Maces & Flails
 98782 | Pan      | Noticed Voasuuc the pandemonium lord
 98784 | Pan      | Got a demonic rune of Zot
 98789 | Pan      | Killed Voasuuc the pandemonium lord
 98868 | Pan      | Lost mutation: Armour fits poorly on your strangely shaped body. [potion of mutation]
 98868 | Pan      | Lost mutation: Your body sometimes deteriorates upon taking damage. [potion of mutation]
 98868 | Pan      | Lost mutation: You are very dopey. (Int -4) [potion of mutation]
 98868 | Pan      | Gained mutation: You have large cloven feet. [potion of mutation]
 98868 | Pan      | Lost mutation: You are clumsy. (Dex -2) [potion of mutation]
 98868 | Pan      | Gained mutation: Your movements are slightly less encumbered by armour. (ER -2) [potion of mutation]
 98868 | Pan      | Gained mutation: You are robust. (+10% HP) [potion of mutation]
 98889 | Pan      | Found an exit through the horrors of the Abyss.
 98915 | Pan      | Took an exit into the Abyss.
 98915 | Abyss:1  | Escaped into the Abyss
 99003 | Abyss:1  | Found a corrupted altar of Lugonu.
 99009 | Abyss:1  | Found a radiant altar of Vehumet.
 99013 | Depths:5 | Escaped the Abyss
 99020 | Zig:1    | Entered Level 1 of a ziggurat
 99057 | Zig:2    | Entered Level 2 of a ziggurat
 99091 | Zig:3    | Entered Level 3 of a ziggurat
 99101 | Zig:3    | Reached skill level 10 in Spellcasting
 99116 | Zig:4    | Entered Level 4 of a ziggurat
 99161 | Zig:5    | Entered Level 5 of a ziggurat
 99205 | Zig:5    | Found the ring of Phasing {EV+8}
 99239 | Zig:6    | Entered Level 6 of a ziggurat
 99290 | Zig:6    | Identified the +1 plate armour "Zozonn" {Int+2 Slay+3 Stlth+} (You found it on level 6 of a ziggurat)
 99308 | Zig:7    | Entered Level 7 of a ziggurat
 99356 | Zig:7    | Got a brightly glowing lapis lazuli ring
 99357 | Zig:7    | Identified the ring of Altruism {rF+ Int+4 Stlth+} (You found it on level 7 of a ziggurat)
 99386 | Zig:8    | Entered Level 8 of a ziggurat
 99486 | Zig:9    | Entered Level 9 of a ziggurat
 99534 | Zig:9    | Gained mutation: Scrolls take you a little longer to read. [a shining eye]
 99546 | Zig:9    | Gained mutation: Your body sometimes deteriorates upon taking damage. [a shining eye]
 99578 | Zig:9    | Identified a +2 pair of boots of running (You found it on level 9 of a ziggurat)
 99594 | Zig:9    | Got a coiled bone ring
 99600 | Zig:9    | Identified the ring of Temptation {+Fly rF++} (You found it on level 9 of a ziggurat)
 99659 | Zig:10   | Entered Level 10 of a ziggurat
 99664 | Zig:10   | Noticed an ancient lich
 99667 | Zig:10   | Noticed an ancient lich
 99675 | Zig:10   | Killed an ancient lich
 99699 | Zig:10   | Killed an ancient lich
 99748 | Zig:10   | Got a faintly glowing wooden ring
 99751 | Zig:10   | Identified the ring of Pifum {Wiz rN+ Int+4 Dex-4} (You found it on level 10 of a ziggurat)
 99761 | Zig:11   | Entered Level 11 of a ziggurat
 99837 | Zig:11   | Identified Sif Muna's Papyrus of Creation
 99840 | Zig:11   | Got a warped platinum amulet
 99843 | Zig:11   | Identified the amulet of Descent {Reflect rN+ SH+2} (You found it on level 11 of a ziggurat)
 99878 | Zig:12   | Entered Level 12 of a ziggurat
 99911 | Zig:12   | Found the +2 Maxwell's thermic engine {flame, freeze, rF- rC-}
 99948 | Zig:12   | Got a smoking tin ring
 99950 | Zig:12   | Got a wavering gossamer ring
 99953 | Zig:12   | Identified the ring "Axant" {MR+ Int+6} (You found it on level 12 of a ziggurat)
 99955 | Zig:12   | Identified the ring "Jibagiq" {Ice rN+ Str+3} (You found it on level 12 of a ziggurat)
 99973 | Zig:12   | Identified Advanced Steps in Witchery
 99979 | Zig:13   | Entered Level 13 of a ziggurat
100117 | Zig:13   | Identified Tokh's Guide on the Mountains and Enchantment
100125 | Zig:13   | Identified the Incunabulum of Floating Intoxication
100214 | Zig:14   | Entered Level 14 of a ziggurat
100221 | Zig:14   | Noticed Nesism the pandemonium lord
100222 | Zig:14   | Noticed Hyevuud the pandemonium lord
100222 | Zig:14   | Noticed Qutous the pandemonium lord
100223 | Zig:14   | Noticed Yxiat the pandemonium lord
100223 | Zig:14   | Noticed Fewam the pandemonium lord
100227 | Zig:14   | Noticed Vevafi Ucai the pandemonium lord
100227 | Zig:14   | Noticed Ryr Yfi the pandemonium lord
100227 | Zig:14   | Noticed Guut the pandemonium lord
100227 | Zig:14   | Noticed Lycuaw the pandemonium lord
100228 | Zig:14   | Noticed Guhaqag the pandemonium lord
100231 | Zig:14   | Noticed Jeukhuul the pandemonium lord
100236 | Zig:14   | Paralysed by a floating eye for 2 turns
100241 | Zig:14   | Killed Guut the pandemonium lord
100243 | Zig:14   | Killed Nesism the pandemonium lord
100249 | Zig:14   | Cast into level 4 of the Abyss (Yxiat)
100356 | Abyss:4  | Reached skill level 15 in Summonings
100366 | Zig:14   | Escaped the Abyss
100368 | Zig:14   | Killed Hyevuud the pandemonium lord
100369 | Zig:14   | Killed Jeukhuul the pandemonium lord
100370 | Zig:14   | Killed Qutous the pandemonium lord
100373 | Zig:14   | Killed Yxiat the pandemonium lord
100375 | Zig:14   | Killed Vevafi Ucai the pandemonium lord
100379 | Zig:14   | Killed Ryr Yfi the pandemonium lord
100384 | Zig:14   | Killed Guhaqag the pandemonium lord
100393 | Zig:14   | Killed Lycuaw the pandemonium lord
100410 | Zig:14   | Killed Fewam the pandemonium lord
100421 | Zig:14   | Found the ring of the Mage {Wiz MR++ Int+3}
100439 | Zig:14   | Identified the Incunabulum of the Frostbite
100455 | Zig:14   | Identified the ring of the Ancients {+Fly rF+ MR+ Dex-2} (You found it on level 14 of a ziggurat)
100469 | Zig:15   | Entered Level 15 of a ziggurat
100621 | Zig:15   | Got a scintillating silver amulet
100671 | Zig:15   | Identified the amulet "Cifog" {Faith +Fly rElec rPois Int-3} (You found it on level 15 of a ziggurat)
100689 | Zig:16   | Entered Level 16 of a ziggurat
100841 | Zig:16   | Learned a level 8 spell: Lehudib's Crystal Spear
100860 | Zig:16   | Identified the Volume of Helpful Companions
100911 | Zig:17   | Entered Level 17 of a ziggurat
100920 | Zig:17   | Noticed a juggernaut
100927 | Zig:17   | Reached skill level 1 in Earth Magic
100938 | Zig:17   | Killed a juggernaut
100989 | Zig:17   | Reached skill level 5 in Earth Magic
101081 | Zig:17   | Got a clouded graven amulet
101084 | Zig:17   | Identified the amulet "Daurgheso" {Reflect rPois rF+ Int+3 SH+5} (You found it on level 17 of a ziggurat)
101105 | Zig:18   | Entered Level 18 of a ziggurat
101149 | Zig:18   | Reached skill level 10 in Earth Magic
101355 | Zig:19   | Entered Level 19 of a ziggurat
101469 | Zig:19   | Found the ring of the Octopus King
101482 | Zig:19   | Identified the Compendium of Flying Ice
101487 | Zig:19   | Identified the cursed +0 pair of gloves of Vexation {rElec Int+7 Dex-4} (You found it on level 19 of a ziggurat)
101491 | Zig:19   | Got a ring of the Octopus King
101494 | Zig:19   | Identified a ring of the Octopus King {Wiz AC+1 EV+1 Str+1 Int+1 Dex+1} (You found it on level 19 of a ziggurat)
101593 | Zig:20   | Entered Level 20 of a ziggurat
101628 | Zig:20   | Reached skill level 15 in Earth Magic
101700 | Zig:21   | Entered Level 21 of a ziggurat
101716 | Zig:21   | Noticed a greater mummy
101716 | Zig:21   | Noticed a greater mummy
101716 | Zig:21   | Noticed a greater mummy
101716 | Zig:21   | Noticed a greater mummy
101716 | Zig:21   | Noticed a greater mummy
101716 | Zig:21   | Noticed a greater mummy
101716 | Zig:21   | Noticed a greater mummy
101716 | Zig:21   | Noticed a greater mummy
101720 | Zig:21   | Killed a greater mummy
101720 | Zig:21   | Killed a greater mummy
101720 | Zig:21   | Killed a greater mummy
101720 | Zig:21   | Killed a greater mummy
101722 | Zig:21   | Killed a greater mummy
101723 | Zig:21   | Killed a greater mummy
101723 | Zig:21   | Killed a greater mummy
101724 | Zig:21   | Killed a greater mummy
101729 | Zig:21   | Found the +8 demon blade "Bloodbane" {slice, *Rage +Rage Stlth-}
101778 | Zig:21   | Identified the amulet of Untruth {Inacc rElec Stlth+} (You found it on level 21 of a ziggurat)
101784 | Zig:21   | Identified the Incunabulum of Cankerous Evil
101788 | Zig:22   | Entered Level 22 of a ziggurat
101826 | Zig:22   | Noticed Rerron the pandemonium lord
101836 | Zig:22   | Killed Rerron the pandemonium lord
101840 | Zig:22   | Gained mutation: Your spells are a little easier to cast, but a little less powerful. [a cacodemon]
101865 | Zig:22   | Found the +15 Maxwell's patent armour {-Cast -Tele rElec MR+ rCorr}
101870 | Zig:23   | Entered Level 23 of a ziggurat
101887 | Zig:23   | Lost mutation: Your body sometimes deteriorates upon taking damage. [potion of mutation]
101887 | Zig:23   | Lost mutation: You have large cloven feet. [potion of mutation]
101887 | Zig:23   | Gained mutation: You have a pair of small horns on your head. [potion of mutation]
101892 | Zig:23   | Lost mutation: Your magical capacity is low. (-10% MP) [potion of mutation]
101892 | Zig:23   | Lost mutation: You are dopey. (Int -2) [potion of mutation]
101892 | Zig:23   | Lost mutation: Potions are less effective at restoring your health. [potion of mutation]
101892 | Zig:23   | Lost mutation: You are robust. (+10% HP) [potion of mutation]
101892 | Zig:23   | Gained mutation: You occasionally shout uncontrollably at your foes. [potion of mutation]
101892 | Zig:23   | Gained mutation: You expend magic power (3 MP) to strengthen your wands. [potion of mutation]
101893 | Zig:23   | Lost mutation: You are weak. (Str -2) [potion of mutation]
101893 | Zig:23   | Lost mutation: You expend magic power (3 MP) to strengthen your wands. [potion of mutation]
101893 | Zig:23   | Lost mutation: You are partially covered in yellow scales. (AC +2) [potion of mutation]
101893 | Zig:23   | Gained mutation: Your mind is acute. (Int +2) [potion of mutation]
101898 | Zig:23   | Lost mutation: Your flesh is cold resistant. (rC+) [potion of mutation]
101898 | Zig:23   | Lost mutation: You occasionally shout uncontrollably at your foes. [potion of mutation]
101898 | Zig:23   | Lost mutation: Your movements are slightly less encumbered by armour. (ER -2) [potion of mutation]
101898 | Zig:23   | Gained mutation: Armour fits poorly on your strangely shaped body. [potion of mutation]
101898 | Zig:23   | Gained mutation: You are resistant to hostile enchantments. (MR+) [potion of mutation]
102315 | Zig:23   | Got an ancient wooden ring
102318 | Zig:23   | Identified the ring "Ryjanko" {rCorr rN+} (You found it on level 23 of a ziggurat)
102326 | Zig:23   | Identified the Grimoire of Stones
102339 | Zig:23   | Identified the Tome of Evil
102355 | Zig:23   | Lost mutation: You are resistant to hostile enchantments. (MR+) [potion of mutation]
102355 | Zig:23   | Lost mutation: Your mind is acute. (Int +2) [potion of mutation]
102355 | Zig:23   | Lost mutation: Your spells are a little easier to cast, but a little less powerful. [potion of mutation]
102355 | Zig:23   | Gained mutation: You passively map a small area around you. [potion of mutation]
102355 | Zig:23   | Gained mutation: You are partially covered in slimy green scales. (AC +2) [potion of mutation]
102356 | Zig:23   | Lost mutation: You have a pair of small horns on your head. [potion of mutation]
102356 | Zig:23   | Lost mutation: Armour fits poorly on your strangely shaped body. [potion of mutation]
102356 | Zig:23   | Lost mutation: Scrolls take you a little longer to read. [potion of mutation]
102356 | Zig:23   | Gained mutation: You possess an exceptional clarity of mind. [potion of mutation]
102356 | Zig:23   | Gained mutation: Your flesh is heat resistant. (rF+) [potion of mutation]
102366 | Zig:24   | Entered Level 24 of a ziggurat
102445 | Zig:24   | Found the +6 Majin-Bo {vamp, Archmagi MP+6 Int+6}
102548 | Zig:24   | Identified Mirhops's Catalogue of Entrancing Necromancy
102550 | Zig:24   | Identified the Papyrus of Boosts and the Escort
102561 | Zig:24   | Upgraded the game from 0.22-a0-612-gd2f0174 to 0.22-a0-617-g6d95e9e
102639 | Zig:25   | Entered Level 25 of a ziggurat
102940 | Zig:26   | Entered Level 26 of a ziggurat
103411 | Zig:26   | Got a twitching pewter ring
103412 | Zig:26   | Identified the ring of Suspicion {rF+ Slay+2} (You found it on level 26 of a ziggurat)
103426 | Zig:27   | Entered Level 27 of a ziggurat
103434 | Zig:27   | Noticed an ancient lich
103443 | Zig:27   | Killed an ancient lich
103463 | Zig:27   | Noticed an ancient lich
103472 | Zig:27   | Noticed an ancient lich
103472 | Zig:27   | Noticed an ancient lich
103472 | Zig:27   | Noticed an ancient lich
103476 | Zig:27   | Killed an ancient lich
103484 | Zig:27   | Killed an ancient lich
103490 | Zig:27   | Killed an ancient lich
103496 | Zig:27   | Killed an ancient lich
103617 | Zig:27   | Learned a level 3 spell: Inner Flame
103625 | Zig:27   | Learned a level 7 spell: Summon Hydra
103637 | Zig:1    | Entered Level 1 of a ziggurat
103647 | Zig:1    | Reached skill level 1 in Fire Magic
103660 | Zig:2    | Entered Level 2 of a ziggurat
103702 | Zig:3    | Entered Level 3 of a ziggurat
103749 | Zig:4    | Entered Level 4 of a ziggurat
103820 | Zig:5    | Entered Level 5 of a ziggurat
103828 | Zig:5    | Found the +7 Singing Sword
103840 | Zig:5    | Reached skill level 5 in Fire Magic
103915 | Zig:6    | Entered Level 6 of a ziggurat
103919 | Zig:6    | Noticed Etsiseh the pandemonium lord
103937 | Zig:6    | Killed Etsiseh the pandemonium lord
104020 | Zig:6    | Identified the +2 helmet of Beogh's Hatred {Dex+3} (You found it on level 6 of a ziggurat)
104035 | Zig:7    | Entered Level 7 of a ziggurat
104056 | Zig:7    | Reached skill level 15 in Spellcasting
104111 | Zig:8    | Entered Level 8 of a ziggurat
104120 | Zig:8    | Found the +5 demon whip "Spellbinder" {antimagic, MR+}
104198 | Zig:8    | Identified the Almanac of Companions
104208 | Zig:8    | Identified the +7 fire dragon scales of the Robin {rF++ rC- Dex+6} (You found it on level 8 of a ziggurat)
104212 | Zig:9    | Entered Level 9 of a ziggurat
104236 | Zig:9    | Reached skill level 10 in Fire Magic
104294 | Zig:9    | Identified the Collected Works on Bewitching Contamination
104466 | Zig:10   | Entered Level 10 of a ziggurat
104642 | Zig:11   | Entered Level 11 of a ziggurat
104658 | Zig:11   | Noticed a greater mummy
104664 | Zig:11   | Noticed a greater mummy
104664 | Zig:11   | Noticed a greater mummy
104667 | Zig:11   | Noticed a greater mummy
104669 | Zig:11   | Noticed a greater mummy
104669 | Zig:11   | Noticed a greater mummy
104678 | Zig:11   | Killed a greater mummy
104678 | Zig:11   | Killed a greater mummy
104681 | Zig:11   | Killed a greater mummy
104682 | Zig:11   | Killed a greater mummy
104683 | Zig:11   | Killed a greater mummy
104694 | Zig:11   | Killed a greater mummy
104746 | Zig:12   | Entered Level 12 of a ziggurat
104778 | Zig:12   | Noticed Kuraycvu the pandemonium lord
104789 | Zig:12   | Killed Kuraycvu the pandemonium lord
104835 | Zig:12   | Reached skill level 15 in Fire Magic
104863 | Zig:12   | Identified the amulet of the First Cities {Harm *Drain Str+2 Dex+2} (You found it on level 12 of a ziggurat)
104866 | Zig:12   | Identified the Catalogue of Stolen Souls and the Entourage
104891 | Zig:13   | Entered Level 13 of a ziggurat
105080 | Zig:14   | Entered Level 14 of a ziggurat
105097 | Zig:14   | Noticed Liuhagin the pandemonium lord
105100 | Zig:14   | Noticed Rulufiuta the pandemonium lord
105100 | Zig:14   | Noticed Hanebimn the pandemonium lord
105104 | Zig:14   | Killed Liuhagin the pandemonium lord
105105 | Zig:14   | Noticed Haphuargh the pandemonium lord
105105 | Zig:14   | Noticed Maofau the pandemonium lord
105108 | Zig:14   | Noticed Icve the pandemonium lord
105108 | Zig:14   | Noticed Nimotare the pandemonium lord
105109 | Zig:14   | Noticed Waustrif the pandemonium lord
105115 | Zig:14   | Killed Nimotare the pandemonium lord
105115 | Zig:14   | Noticed Efiy the pandemonium lord
105117 | Zig:14   | Noticed Dineylae the pandemonium lord
105127 | Zig:14   | Killed Maofau the pandemonium lord
105132 | Zig:14   | Killed Waustrif the pandemonium lord
105135 | Zig:14   | Killed Haphuargh the pandemonium lord
105138 | Zig:14   | Killed Hanebimn the pandemonium lord
105145 | Zig:14   | Killed Rulufiuta the pandemonium lord
105147 | Zig:14   | Killed Icve the pandemonium lord
105172 | Zig:14   | Killed Dineylae the pandemonium lord
105174 | Zig:14   | Killed Efiy the pandemonium lord
105266 | Zig:15   | Entered Level 15 of a ziggurat
105294 | Zig:15   | Learned a level 8 spell: Ignition
105304 | Zig:15   | Learned a level 9 spell: Fire Storm
105308 | Zig:15   | Noticed a greater mummy
105309 | Zig:15   | Noticed a greater mummy
105309 | Zig:15   | Noticed a greater mummy
105309 | Zig:15   | Noticed a greater mummy
105309 | Zig:15   | Noticed a greater mummy
105309 | Zig:15   | Noticed a greater mummy
105309 | Zig:15   | Noticed a greater mummy
105309 | Zig:15   | Noticed a greater mummy
105309 | Zig:15   | Noticed a greater mummy
105309 | Zig:15   | Noticed a greater mummy
105314 | Zig:15   | Killed a greater mummy
105315 | Zig:15   | Noticed a greater mummy
105316 | Zig:15   | HP: 5/199 [mummy priest's death curse (30)]
105316 | Zig:15   | Killed from afar by a mummy priest

Vault maps used:
D:1:      onia_arrival_zoo_common
D:2:      nicolae_overflow_hidden_temple, uniq_sigmund
D:3:      first_ration, uniq_natasha
D:4:      uniq_duvessa
D:5:      serial_shops, nicolae_shop_crystal, grunt_qazlal_clouds
D:6:      grunt_temple_overflow_bloody_war, grunt_temple_overflow_cloverleaf
D:7:      grunt_dithmenos_smoke, gammafunk_temple_overflow_pools,
          minmay_temple_entry_enclosed_plants
D:8:      serial_shops, nicolae_shop_trees, uniq_joseph, uniq_maurice
D:9:      kennysheep_mini_moat
D:10:     lair_entry_dummy
D:11:     david_orc_1_choice, serial_shops, shop
D:12:     serial_shops, kennysheep_mini, shop_fountains, shop, shop,
          nicolae_shop_stone
D:13:     nicolae_trove_entry_crossroad, gammafunk_ghost_hydra_chop,
          hangedman_stone_soup
D:14:     kennysheep_demon_hangout, erik_vaults_1, minmay_misc_feat_columns
D:15:     grunt_enter_depths_snipers, lemuel_flamethrower_2
Temple:   minmay_temple_curvy_loop
Lair:1:   gammafunk_ghost_cemetery, uniq_fannar
Lair:2:   shoals_dummy_entry, serial_bayou_shore_a
Lair:3:   spider_nest_entry_funnel_web, infiniplex_staircase_pool,
          grunt_megastairs_3
Lair:4:   lemuel_fruit_tree, grunt_megastairs_2
Lair:5:   slime_altar_1, ebering_ghost_reflecting_pool
Lair:6:   due_jungle_book, lab_entry_generic
Shoals:1: serial_shops, shop
Shoals:2: nicolae_shoals_kraken_party
Shoals:3: cheibrodos_shoals_three_sisters, serial_shops, shop_fountains,
          nicolae_shoals_isolated_beach
Shoals:4: shoals_end_grunt_ice, yaktaur_hedge
Spider:1: guppyfry_spider_mini_2
Spider:2: ebering_ghost_rock_garden
Spider:3: uniq_azrael
Spider:4: johnstein_spider_rune_arachne_lair, spider_trap
Slime:3:  uniq_dissolution
Orc:1:    nicolae_orc_accident_1, ebering_ghost_xom, serial_shops, shop,
          nicolae_shop_trees, shop, shop, shop, nicolae_volcano_entry_lava_flow
Orc:2:    st_orc_ogre_mass, serial_shops, shop, nicolae_shop_behind_doors,
          basic_altar, uniq_erolcha
Elf:1:    eino_elf_arrival_sip, ebering_ghost_rock_garden,
          kilobyte_rumbling_trees
Elf:2:    portal_ice_cave_entry_ice_statue_two, grunt_ministairs_7,
          minmay_shop_grove
Elf:3:    elf_hall_gauntlet_wide, serial_shops, shop,
          ebering_ghost_reflecting_pool
Vaults:1: v_misc_17, ontoclasm_vaults_decontamination, vaults_dpeg_hooks,
          v_misc_13, v_rooms_1, vaults_mumra_minichess_inversion,
          vaults_dpeg_diagonal, nicolae_vaults_fighting_squares,
          nicolae_vaults_puzzle_piece, grunt_vaults_diagonal, v_misc_22,
          vaults_room_corners, vaults_standard_mumra_x, vaults_mumra_minichess,
          nicolae_vaults_rhombus_5, serial_shops, nicolae_shop_statue_plus,
          uniq_donald
Vaults:2: v_misc_30, v_misc_19, hangedman_vaults_snaps,
          minmay_crypt_entry_vampire_xt, v_rooms_5, grunt_vaults_funnel,
          ontoclasm_vaults_chip, nicolae_vaults_rhombus_7, serial_shops, shop
Vaults:3: grunt_vaults_bifocal, dpeg_vaults_monster_box,
          nicolae_vaults_alarming, ontoclasm_vaults_claustrophobia,
          vaults_room_boxed, vaults_mumra_chevron, ontoclasm_vaults_idyll,
          grunt_vaults_twisty, st_squares, v_misc_26, grunt_vaults_focal,
          ontoclasm_vaults_gateway, vaults_mumra_lcd, serial_shops, shop
Vaults:4: ontoclasm_vaults_misaligned, nicolae_vaults_gold_heap,
          nicolae_vaults_puzzle_piece, v_misc_8, hangedman_vaults_pinch,
          v_alt_pattern_6, hangedman_vaults_cutoff, nicolae_vaults_angled_halls,
          vaults_dpeg_encased_lava, v_misc_9, serial_shops, shop, uniq_jory
Vaults:5: serial_shops
Crypt:1:  uniq_mennas
Crypt:2:  uniq_boris, uniq_margery
Crypt:3:  grunt_crypt_end_deaths_head, uniq_jorgrun
Tomb:3:   uniq_khufu
Depths:1: hell_entry, corexii_hall_statues_x, minmay_gold_behind_fungi,
          evilmike_butchery, grunt_megastairs_4
Depths:2: minmay_the_grid_triangle_9x9_recursive_2, enter_ziggurat_c,
          pf_coc_iceberg, mu_enter_wizlab_6, serial_bayou_lagoon_a,
          evilmike_minifort, infiniplex_staircase_pillars_1
Depths:3: minmay_open_boxes_in_corner, rand_demon_pan_entry_1,
          pf_hell_entry_great_geh, serial_co_window_serial, co_window_paths_b,
          co_window_paths_a, co_window_paths_a, co_window_paths_a,
          co_window_paths_a, co_window_of_opportunity_a, co_window_paths_c,
          co_window_broadway_b, co_window_of_opportunity_b, co_window_corner_b,
          co_window_2corner, co_window_of_opportunity_b, glass_columns_c,
          glass_columns_b, glass_columns_a, glass_columns_c, uniq_boris,
          uniq_nikola
Depths:4: gammafunk_depths_water_palace, hell_entry, abyss_entry, moated_statue
Depths:5: evilmike_zot_entry_round, abyss_entry, serial_sigils_hangedman_carve,
          pan_entry, hell_entry, grunt_ministairs_9, hangedman_devilish_allure
Dis:5:    grunt_dis_stairs_iron_hall
Dis:7:    dis_hangedman
Geh:3:    nicolae_geh_sunburst
Geh:7:    geh_grunt
Coc:1:    hangedman_feature_mirror
Coc:3:    lemuel_elevator
Coc:7:    coc_dpeg
Tar:7:    tar_grunt_cathedral
Zot:2:    uniq_tiamat
Zot:3:    grunt_megastairs_1
Abyss:1:  guppyfry_abyss_exit_glass_guarded
Abyss:2:  evilmike_abyss_exit_16
Abyss:3:  hangedman_abyss_river_spirits,
          dshaligram_kb_abyss_rune_zappy_water_cross
Abyss:4:  evilmike_abyss_exit_smiterflies, hangedman_decor_riveting,
          hangedman_abyss_or_decor_stagger, bh_abyss_exit_choice
Pan:      evilmike_mini_pan_diamond, pan_blood_fountain,
          evilmike_mini_pan_possible_glass, pan_blood_fountain_small,
          pan_blood_fountain, nicolae_pan_sigil_eeng, nicolae_pan_giant_door,
          evilmike_mini_pan_layers, cerebov_grunt, pan_blood_fountain_2,
          evilmike_mini_pan_corridor, rand_demon_1, evilmike_mini_pan_rooms,
          evilmike_mini_pan_corridor, pan_blood_fountain,
          nicolae_pan_sick_transit, nicolae_pan_lom_lobonic_4, rand_demon_1,
          pan_blood_fountain, lom_lobon, nicolae_pan_mnolegish_1, rand_demon_6,
          gloorx_vloq_st, uniq_lom_lobon, mnoleg_st, evilmike_mini_pan_branches,
          pan_blood_fountain_small, nicolae_pan_sigil_obb,
          grunt_pan_frozen_over, uniq_lom_lobon,
          evilmike_mini_pan_possible_glass, nicolae_pan_lom_lobonic_2,
          evilmike_mini_pan_corridor, evilmike_mini_pan_possible_glass,
          pan_blood_fountain_small, evilmike_mini_pan_murderfest,
          nicolae_pan_mnolegish_1, evilmike_mini_pan_thingy,
          nicolae_pan_mnolegish_5, rand_demon_3, pan_blood_fountain_small,
          grunt_pan_pentagram, special_room, nicolae_pan_lom_lobonic_2,
          lemuel_hall_of_pain, pan_blood_fountain, uniq_lom_lobon,
          evilmike_mini_pan_corner, uniq_lom_lobon,
          regret_index_pan_draining_boxed, nicolae_pan_sigil_itan,
          evilmike_mini_pan_pillars_b, pan_surprise, rand_demon_7, rand_demon_3,
          nicolae_pan_gloorx_vloqian_2, nicolae_pan_performance_anxiety,
          pan_disco_hall, pan_blood_fountain_small
Zig:8:    ziggurat_pillar_centre_c
Zig:11:   ziggurat_pillar_centre_dead_trees, ziggurat_pillar_centre_smoke
Zig:14:   ziggurat_pillar_centre_oklobs
Zig:26:   ziggurat_pillar_centre_more_plants, ziggurat_pillar_centre_drop
Lab:      nicolae_lab_grate, labyrinth_lava_lair, nicolae_lab_t_cross,
          nicolae_lab_do_over, lab_statue, nicolae_lab_statue
IceCv:    ice_cave_caverns_01
Volcano:  volcano_grotto
WizLab:   wizlab_cigotuvi

Skill      XL: |  1  2  3  4  5  6  7  8  9 10 11 12 13 14 15 16 17 18 19 20 21 22 23 24 25 26 27 |
---------------+----------------------------------------------------------------------------------+-----
Maces & Flails | 3 5 6 7 8 9 11 12 13 14 15 16 17 18 19 27 | 27.0
Fighting       | 4 5 6 7 8 10 11 12 13 14 15 17 18 20 21 27 | 27.0
Armour         | 4 5 6 7 8 11 13 14 15 16 27 | 27.0
Throwing       | 3 8 22 | 22.7
Invocations    | 4 7 9 10 12 13 15 16 17 18 19 20 21 27 | 27.0
Shields        | 6 8 11 12 27 | 27.0
Dodging        | 3 4 7 9 10 27 | 27.0
Crossbows      | 11 15 | 15.9
Translocations | 11 12 16 | 16.4
Spellcasting   | 18 | 18.2
Hexes          | 15 | 15.5
Charms         | 11 | 11.3
Air Magic      | 11 | 11.3
Stealth        | 9 |  9.2
Summonings     | 25 | 25.4
Evocations     | 14 | 14.6
Conjurations   | 20 | 20.0
Transmutations | 10 | 10.9
Earth Magic    | 25 | 25.2
Fire Magic     | 18 | 18.6

Action                   |  1- 3 |  4- 6 |  7- 9 | 10-12 | 13-15 | 16-18 | 19-21 | 22-24 | 25-27 || total
-------------------------+-------+-------+-------+-------+-------+-------+-------+-------+-------++-------
Melee: Flail             |   163 |   222 |   203 |   184 |    67 |       |       |       |       ||   839
       Mace              |       |       |   304 |   481 |   817 |  1721 |       |       |       ||  3323
       Kick              |       |       |    38 |    97 |       |       |       |       |       ||   135
       Eveningstar       |       |       |       |       |       |   156 |  1590 |  1687 |  6689 || 10122
       Sacred scourge    |       |       |       |       |       |       |       |       |  9192 ||  9192
       Headbutt          |       |       |       |       |       |       |       |       |    54 ||    54
 Fire: Hand crossbow     |       |       |       |       |       |       |    23 |     1 |   106 ||   130
Throw: Throwing net      |       |       |     2 |       |       |       |       |       |       ||     2
       Javelin           |       |       |       |       |     2 |     7 |     3 |    13 |   506 ||   531
 Cast: Blink             |       |       |       |       |       |       |       |       |    55 ||    55
       Song of Slaying   |       |       |       |       |       |       |       |       |    32 ||    32
       Spellforged Servi |       |       |       |       |       |       |       |       |    14 ||    14
       Apportation       |       |       |       |       |       |       |       |       |    12 ||    12
       Inner Flame       |       |       |       |       |       |       |       |       |    12 ||    12
       Summon Hydra      |       |       |       |       |       |       |       |       |     3 ||     3
       Portal Projectile |       |       |       |       |       |       |       |       |     2 ||     2
Invok: Divine Shield     |       |       |       |     7 |     8 |     9 |     4 |     8 |    89 ||   125
       Cleansing Flame   |       |       |       |       |     3 |    16 |    10 |    11 |   335 ||   375
       Summon Divine War |       |       |       |       |       |       |       |       |    30 ||    30
       Brand Weapon With |       |       |       |       |       |       |       |       |     1 ||     1
 Abil: Fly               |       |       |       |       |     2 |     2 |       |     1 |     2 ||     7
       Stop Flying       |       |       |       |       |     1 |     3 |     1 |       |     8 ||    13
       Evoke Flight      |       |       |       |       |       |       |       |     2 |       ||     2
Evoke: Wand              |       |       |     4 |     8 |     2 |    16 |     2 |     2 |    35 ||    69
       Figurine of a zig |       |       |       |       |       |       |       |       |     3 ||     3
       Phantom mirror    |       |       |       |       |       |       |       |       |     1 ||     1
  Use: Scroll            |     4 |     3 |    11 |    12 |    11 |    14 |    12 |    24 |   169 ||   260
       Potion            |       |     1 |     3 |     3 |     4 |     1 |     1 |     1 |   129 ||   143
  Eat: Chunk             |     1 |     5 |     5 |     9 |    10 |    15 |    20 |    11 |    22 ||    98
       Ration            |       |       |     3 |     3 |     3 |     8 |     2 |     6 |    79 ||   104
Armor: Scale mail        |    14 |       |       |       |       |       |       |       |       ||    14
       Chain mail        |   139 |   151 |   308 |       |       |       |       |       |       ||   598
       Ring mail         |       |       |    21 |   146 |       |       |       |       |       ||   167
       Acid dragon scale |       |       |       |   179 |       |       |       |       |       ||   179
       Gold dragon scale |       |       |       |    10 |   561 |  1585 |  1235 |   881 |  6978 || 11250
Dodge: Dodged            |    74 |    55 |   118 |   192 |   175 |   717 |   700 |   710 |  5367 ||  8108
       Deflected         |       |       |       |       |       |       |       |       |    20 ||    20
Block: Shield            |   128 |   144 |   265 |   539 |   675 |  1792 |  1418 |  1383 |  6528 || 12872
       Large shield      |       |       |       |       |       |       |       |       | 12826 || 12826
       Rpst.: Eveningstar |       |       |       |       |       |       |       |    81 |   450 ||   531
       Sacred scourge    |       |       |       |       |       |       |       |       |   350 ||   350
       Hand crossbow     |       |       |       |       |       |       |       |       |     1 ||     1

Table legend:
 A = Spawn XP
 B = Non-spawn XP
 C = Spawn XP percentage of total XP
 D = Spawn monster count
 E = Non-spawn monster count
 F = Spawn count percentage of total count
 G = Total turns spent on level
                    A         B        C        D         E        F      G
               +---------+---------+-------+---------+---------+-------+---------
         Total |   80639 | 7447185 |   1.1 |     138 |    8374 |   1.6 | 105316
               +---------+---------+-------+---------+---------+-------+---------
           D:1 |       0 |      41 |   0.0 |       0 |      22 |   0.0 |   667
           D:2 |       0 |     274 |   0.0 |       0 |      31 |   0.0 |   748
           D:3 |       0 |     265 |   0.0 |       0 |      35 |   0.0 |  1373
           D:4 |       0 |     643 |   0.0 |       0 |      17 |   0.0 |   959
           D:5 |       0 |     402 |   0.0 |       0 |      22 |   0.0 |   852
           D:6 |       0 |     602 |   0.0 |       0 |      18 |   0.0 |   586
           D:7 |       0 |     664 |   0.0 |       0 |      21 |   0.0 |  1054
           D:8 |       0 |    2092 |   0.0 |       0 |      11 |   0.0 |   803
           D:9 |       0 |    1969 |   0.0 |       0 |      33 |   0.0 |   796
          D:10 |       0 |    2378 |   0.0 |       0 |      29 |   0.0 |   684
          D:11 |       0 |    3762 |   0.0 |       0 |      45 |   0.0 |   986
          D:12 |       0 |    1298 |   0.0 |       0 |      10 |   0.0 |   547
          D:13 |       0 |   11563 |   0.0 |       0 |      42 |   0.0 |  1276
          D:14 |       0 |   16878 |   0.0 |       0 |      44 |   0.0 |  1106
          D:15 |       0 |   12929 |   0.0 |       0 |      36 |   0.0 |  1427
        Lair:1 |       0 |    9269 |   0.0 |       0 |      29 |   0.0 |  1220
        Lair:2 |       0 |    5769 |   0.0 |       0 |      26 |   0.0 |  1032
        Lair:3 |       0 |    4293 |   0.0 |       0 |      17 |   0.0 |   928
        Lair:4 |       0 |    6174 |   0.0 |       0 |      19 |   0.0 |   886
        Lair:5 |       0 |   11564 |   0.0 |       0 |      34 |   0.0 |   923
        Lair:6 |       0 |   17869 |   0.0 |       0 |      40 |   0.0 |  1438
      Shoals:1 |       0 |   10835 |   0.0 |       0 |      21 |   0.0 |   948
      Shoals:2 |       0 |   18066 |   0.0 |       0 |      23 |   0.0 |   961
      Shoals:3 |       0 |   18069 |   0.0 |       0 |      29 |   0.0 |   980
      Shoals:4 |       0 |   36319 |   0.0 |       0 |      61 |   0.0 |  1525
      Spider:1 |       0 |   21493 |   0.0 |       0 |      67 |   0.0 |   532
      Spider:2 |       0 |   20696 |   0.0 |       0 |      56 |   0.0 |  1141
      Spider:3 |       0 |   14103 |   0.0 |       0 |      36 |   0.0 |   891
      Spider:4 |       0 |   51950 |   0.0 |       0 |     108 |   0.0 |  1293
       Slime:1 |       0 |   12934 |   0.0 |       0 |      26 |   0.0 |   395
       Slime:2 |       0 |   22740 |   0.0 |       0 |      26 |   0.0 |   457
       Slime:3 |       0 |   26038 |   0.0 |       0 |      15 |   0.0 |   202
       Slime:4 |       0 |   18621 |   0.0 |       0 |      19 |   0.0 |   819
       Slime:5 |       0 |   38266 |   0.0 |       0 |      33 |   0.0 |   612
         Orc:1 |       0 |    5610 |   0.0 |       0 |      13 |   0.0 |   781
         Orc:2 |       0 |   21369 |   0.0 |       0 |      51 |   0.0 |   691
         Elf:1 |       0 |   26495 |   0.0 |       0 |      44 |   0.0 |   757
         Elf:2 |       0 |   35317 |   0.0 |       0 |      51 |   0.0 |   909
         Elf:3 |       0 |   56876 |   0.0 |       0 |      57 |   0.0 |  1371
      Vaults:1 |       0 |   51188 |   0.0 |       0 |      72 |   0.0 |  1465
      Vaults:2 |       0 |   42513 |   0.0 |       0 |      74 |   0.0 |  1834
      Vaults:3 |       0 |   23296 |   0.0 |       0 |      39 |   0.0 |  1176
      Vaults:4 |       0 |   91121 |   0.0 |       0 |      96 |   0.0 |  1713
      Vaults:5 |       0 |  130457 |   0.0 |       0 |     107 |   0.0 |  1635
       Crypt:1 |       0 |   39249 |   0.0 |       0 |      42 |   0.0 |   740
       Crypt:2 |       0 |   47072 |   0.0 |       0 |      52 |   0.0 |   639
       Crypt:3 |       0 |   80169 |   0.0 |       0 |     125 |   0.0 |  1286
        Tomb:1 |       0 |  114161 |   0.0 |       0 |      81 |   0.0 |  1577
        Tomb:2 |       0 |   58379 |   0.0 |       0 |      50 |   0.0 |  1097
        Tomb:3 |       0 |  118678 |   0.0 |       0 |     102 |   0.0 |   643
      Depths:1 |       0 |   49796 |   0.0 |       0 |      67 |   0.0 |  1200
      Depths:2 |       0 |   83526 |   0.0 |       0 |      94 |   0.0 |  1265
      Depths:3 |       0 |   70342 |   0.0 |       0 |      64 |   0.0 |  1290
      Depths:4 |       0 |  128971 |   0.0 |       0 |     107 |   0.0 |  1895
      Depths:5 |       0 |  123029 |   0.0 |       0 |      96 |   0.0 |  1630
          Hell |       0 |   60647 |   0.0 |       0 |     101 |   0.0 |   853
         Dis:1 |       0 |   24596 |   0.0 |       0 |      57 |   0.0 |   248
         Dis:2 |       0 |   16811 |   0.0 |       0 |      29 |   0.0 |   223
         Dis:3 |       0 |   24577 |   0.0 |       0 |      40 |   0.0 |   204
         Dis:4 |       0 |   27698 |   0.0 |       0 |      49 |   0.0 |   690
         Dis:5 |       0 |   20658 |   0.0 |       0 |      34 |   0.0 |   384
         Dis:6 |       0 |   11977 |   0.0 |       0 |      10 |   0.0 |   120
         Dis:7 |       0 |  186596 |   0.0 |       0 |     151 |   0.0 |  1377
         Geh:1 |       0 |   21661 |   0.0 |       0 |      58 |   0.0 |   718
         Geh:2 |       0 |   35499 |   0.0 |       0 |      74 |   0.0 |   672
         Geh:3 |       0 |   36534 |   0.0 |       0 |      65 |   0.0 |   612
         Geh:4 |       0 |   70091 |   0.0 |       0 |      94 |   0.0 |   787
         Geh:5 |       0 |   58819 |   0.0 |       0 |     114 |   0.0 |   775
         Geh:6 |       0 |   42954 |   0.0 |       0 |      84 |   0.0 |   705
         Geh:7 |       0 |  117279 |   0.0 |       0 |     145 |   0.0 |  1456
         Coc:1 |       0 |   19700 |   0.0 |       0 |      59 |   0.0 |   540
         Coc:2 |       0 |   46552 |   0.0 |       0 |      77 |   0.0 |   948
         Coc:3 |       0 |   55567 |   0.0 |       0 |      87 |   0.0 |   941
         Coc:4 |       0 |   73053 |   0.0 |       0 |      96 |   0.0 |  1026
         Coc:5 |       0 |   72141 |   0.0 |       0 |      91 |   0.0 |  1026
         Coc:6 |       0 |   37051 |   0.0 |       0 |      86 |   0.0 |  1002
         Coc:7 |       0 |  128918 |   0.0 |       0 |     114 |   0.0 |   921
         Tar:1 |       0 |   13295 |   0.0 |       0 |      18 |   0.0 |    99
         Tar:2 |       0 |   23026 |   0.0 |       0 |      24 |   0.0 |   116
         Tar:3 |       0 |   32870 |   0.0 |       0 |      31 |   0.0 |   217
         Tar:4 |       0 |   21351 |   0.0 |       0 |      34 |   0.0 |   351
         Tar:5 |       0 |   39752 |   0.0 |       0 |      38 |   0.0 |   290
         Tar:6 |       0 |    7737 |   0.0 |       0 |       4 |   0.0 |    35
         Tar:7 |       0 |  150784 |   0.0 |       0 |     121 |   0.0 |  1241
         Zot:1 |       0 |   58465 |   0.0 |       0 |      42 |   0.0 |  1292
         Zot:2 |       0 |   76523 |   0.0 |       0 |      44 |   0.0 |  1596
         Zot:3 |       0 |   38213 |   0.0 |       0 |      25 |   0.0 |  1056
         Zot:4 |       0 |   65675 |   0.0 |       0 |      46 |   0.0 |   629
         Zot:5 |       0 |  187928 |   0.0 |       0 |      60 |   0.0 |  1288
       Abyss:1 |    6438 |   18616 |  25.7 |      12 |      16 |  42.9 |   296
       Abyss:2 |    6095 |   11034 |  35.6 |      12 |      12 |  50.0 |   305
       Abyss:3 |   17029 |   27400 |  38.3 |      32 |      44 |  42.1 |   562
       Abyss:4 |    4813 |    4108 |  54.0 |       5 |       8 |  38.5 |   117
           Pan |   46264 |  524272 |   8.1 |      77 |     471 |  14.1 |  6865
         Zig:1 |       0 |    6641 |   0.0 |       0 |      14 |   0.0 |   103
         Zig:2 |       0 |   17393 |   0.0 |       0 |      26 |   0.0 |   203
         Zig:3 |       0 |   20484 |   0.0 |       0 |      28 |   0.0 |   176
         Zig:4 |       0 |   26326 |   0.0 |       0 |      33 |   0.0 |   316
         Zig:5 |       0 |   32128 |   0.0 |       0 |      51 |   0.0 |   307
         Zig:6 |       0 |   62737 |   0.0 |       0 |      43 |   0.0 |   431
         Zig:7 |       0 |   38122 |   0.0 |       0 |      75 |   0.0 |   375
         Zig:8 |       0 |   53968 |   0.0 |       0 |      69 |   0.0 |   394
         Zig:9 |       0 |   70329 |   0.0 |       0 |      87 |   0.0 |   764
        Zig:10 |       0 |  112170 |   0.0 |       0 |      86 |   0.0 |   529
        Zig:11 |       0 |  104358 |   0.0 |       0 |     122 |   0.0 |   499
        Zig:12 |       0 |  117212 |   0.0 |       0 |     138 |   0.0 |   526
        Zig:13 |       0 |  119743 |   0.0 |       0 |     141 |   0.0 |   747
        Zig:14 |       0 |  282351 |   0.0 |       0 |     121 |   0.0 |   687
        Zig:15 |       0 |  114368 |   0.0 |       0 |     152 |   0.0 |   575
        Zig:16 |       0 |  135217 |   0.0 |       0 |     152 |   0.0 |   513
        Zig:17 |       0 |  143711 |   0.0 |       0 |     150 |   0.0 |   810
        Zig:18 |       0 |  134358 |   0.0 |       0 |      97 |   0.0 |   616
        Zig:19 |       0 |  114698 |   0.0 |       0 |     125 |   0.0 |   456
        Zig:20 |       0 |   93433 |   0.0 |       0 |     122 |   0.0 |   334
        Zig:21 |       0 |  158561 |   0.0 |       0 |     149 |   0.0 |   231
        Zig:22 |       0 |  109738 |   0.0 |       0 |      93 |   0.0 |   544
        Zig:23 |       0 |  182583 |   0.0 |       0 |     153 |   0.0 |   789
        Zig:24 |       0 |  122026 |   0.0 |       0 |     173 |   0.0 |   620
        Zig:25 |       0 |  242369 |   0.0 |       0 |     158 |   0.0 |   582
        Zig:26 |       0 |  257742 |   0.0 |       0 |     204 |   0.0 |   935
        Zig:27 |       0 |  243660 |   0.0 |       0 |     188 |   0.0 |   896
           Lab |       0 |    1231 |   0.0 |       0 |       1 |   0.0 |   118
         IceCv |       0 |   11685 |   0.0 |       0 |      60 |   0.0 |  1371
       Volcano |       0 |    6115 |   0.0 |       0 |      19 |   0.0 |   336
        WizLab |       0 |    2858 |   0.0 |       0 |       6 |   0.0 |    94
               +---------+---------+-------+---------+---------+-------+---------
